Workbook

Sheet Read Me
A1: Oregon Mode-Based Benefit-Cost Calculator
A2: This is an Oregon mode-based benefit-cost calculator that analyzes benefit and cost streams, equity impacts, and sensitivity analysis of transportation scenarios, produced as a part of the Oregon Transportation Benefit-Cost Analysis - Mode-Based Benefit-Cost Analysis Calculator project (funded by ODOT Climate Office). Before starting the calculator, review the ODOT BCA Framework conventions on baseline parameters, expression, discounting and converting, benefit calculations, cost reporting, equity analysis, and sensitivity test. The accompanying Technical Documentation summarizes how this calculator operates, the assumptions and the exclusions/limitations embedded in the calculator, and how the main default parameters were constructed. Detailed methodological guidance and bibliographies can be found in the other companion documents – Part 1 - Literature and Best Practices Review and Part 2 – BCA Framework.
A4: Structure
A5: Calculator tabs | B5: Role
A6: Read Me | B6: Overview, structure of calculator and calculator legend
A7: START | B7: Core inputs and analysis results; equity analysis at a glance and benefits by category at a glance
A8: Scenario Inputs | B8: Central user-input interface for core settings, annual mileage changes, total PV net cost, benefit-specific controls, equity settings, and sensitivity test values.
A9: Output Summary | B9: Concise reporting of scenario inputs, baseline parameters, core economic results, benefit categories, equity results, sensitivity results, affected-mile measures, and visual summaries.
A10: Baseline | B10: Dollar year, opening year, analysis period, realization profile, growth assumption, and discounting timeline.
A11: Parameter Library | B11: Reusable Oregon-specific or adopted defaults used by the automated calculations.
A12: Travel Time Savings; Safety; VOC; Emissions; Health; Noise | B12: Benefit-specific calculation tabs that convert scenario mileage changes and selected settings into annual and present-value benefits.
A13: Equity Welfare | B13: Welfare weighting using income groups and elasticity values.
A14: Sensitivity | B14: One-at-a-time tests for discount rate, analysis period, and aggregate benefits.
A16: Calculator Legend
A17: Input Required | B17: Required input values
A18: Default (adjustable) | B18: Default values provided but may be adjusted by user
A19: Input Optional | B19: Optional input values when scenario adjustments are required
A20: Formula | B20: Calculated automatically; do not overwrite
A21: Linked reference | B21: Pulled from another tab or parameter library
A22: Output | B22: Decision-relevant result
A24: Creators & Version Info
A25: Creators | B25: Jenny H. Liu, Ph.D. & Hyeoncheol Kim
A26: Organization | B26: Portland State University (PSU)
A27: Contact Info | B27: jenny.liu@pdx.edu
A28: Date Created | B28: 46225
A29: Date Updated | B29: 46327
A30: Version | B30: v1.0

Sheet START
A1: START - Basic Inputs and Outputs
A3: Core inputs | E3: Core outputs
A4: Mode | B4: Annual mileage change | C4: Unit | E4: Total impacted person miles | F4: ='Output Summary'!B28 -> 3000000 | H4: ="Assumes a " & 'Scenario Inputs'!B6 &" year analysis period (" & 'Output Summary'!B7 & "-" & Baseline!B13 & "), benefits starting in year " & Baseline!B8 & ", and " & 'Scenario Inputs'!B5*100 & "% real discount rate at the Oregon " & 'Scenario Inputs'!B7 & " geography level. All results are displayed in " & Baseline!B6 & " dollars." -> Assumes a 30 year analysis period (2027-2056), benefits starting in year 2027, and 7% real discount rate at the Oregon Statewide geography level. All results are displayed in 2024 dollars.
A5: Automobile | B5: 0 | C5: vehicle-miles/year | E5: Outputs | F5: Value
A6: Transit | B6: 100000 | C6: passenger-miles/year | E6: PV benefit / mile | F6: ='Output Summary'!E19 -> -1.9455326
A7: Walking | B7: 0 | C7: person-miles/year | E7: Present value of benefits | F7: ='Output Summary'!B19 -> -5836597.9
A8: Cycling | B8: 0 | C8: person-miles/year | E8: Present value of costs | F8: ='Scenario Inputs'!B18 -> 0 | H8: (Note: The above assumptions update automatically if Default (adjustable) inputs are adjusted.)
E9: NPV | F9: ='Output Summary'!B22 -> -5836597.9
A10: =HYPERLINK("#'Scenario Inputs'!A1","Open full Scenario Inputs →") -> Open full Scenario Inputs → | E10: BC Ratio | F10: ='Output Summary'!B23
A11: =HYPERLINK("#'Baseline'!A1","Open full Baseline →") -> Open full Baseline →
A12: =HYPERLINK("#'Output Summary'!A1","Open full Output Summary →") -> Open full Output Summary → | E12: Equity-weighted PV benefits | F12: ='Output Summary'!E33 -> -12617784
E13: Equity-weighted NPV | F13: ='Output Summary'!E34 -> -12617784
E14: Equity-weighted BC Ratio | F14: ='Output Summary'!E35
E16: Benefits at a glance | H16: Equity analysis results at a glance

Sheet Scenario Inputs
A1: Scenario Inputs
A2: Use this tab to define the scenario-specific inputs and calculation settings used throughout the analysis. Enter annual mileage changes, provide the total present-value net cost when applicable, and select or adjust the relevant benefit, equity, and sensitivity settings. Use the provided defaults unless scenario-specific information supports a different value. Reusable technical and valuation parameters are maintained in the Baseline and Parameter Library tabs.
A4: Core inputs
A5: Primary real discount rate | B5: 0.07 | C5: % | D5: Framework range 3–7%; discount-rate sensitivity remains required
A6: Analysis period | B6: 30 | C6: years | D6: Typically 20–30; up to 50 when justified
A7: Geography | B7: Statewide | D7: Identify an analysis region (Statewide, Urban, Rural)
A8: Equity required | B8: Yes | D8: Equity control to add the equity analysis
A10: Mode | B10: Annual mileage change | C10: Unit | D10: Sign convention | E10: Notes
A11: Automobile | B11: =START!B5 -> 0 | C11: vehicle-miles/year | D11: Alternative - Base
A12: Transit | B12: =START!B6 -> 100000 | C12: passenger-miles/year | D12: Alternative - Base
A13: Walking | B13: =START!B7 -> 0 | C13: person-miles/year | D13: Alternative - Base
A14: Cycling | B14: =START!B8 -> 0 | C14: person-miles/year | D14: Alternative - Base
A16: Cost input
A17: Inclusion treatment | B17: Yes | D17: If yes, enter Total PV net cost
A18: Total PV net cost | B18: 0 | C18: 2024$ present value | D18: Enter the total present value net cost
A20: Travel Time Savings controls
A21: Travel scope | B21: Local | D21: Travel purpose | E21: All purposes
A23: Mode | B23: Time calculation basis | C23: Annual time-savings input | D23: Unit | E23: Guidance
A24: Automobile | B24: Mileage-derived | D24: person-hours/year | E24: Positive = additional time savings; Negative = additional delay.
A25: Transit | B25: Mileage-derived | D25: person-hours/year | E25: Use additional or direct total time only when supported by analysis/model output.
A26: Walking | B26: Mileage-derived | D26: person-hours/year | E26: Direct total time replaces the mileage-derived TTS time effect.
A27: Cycling | B27: Mileage-derived | D27: person-hours/year | E27: Leave at zero for a purely mileage-derived calculation.
A29: Safety, VOC, Noise controls
A30: Facility type | B30: Interstate | C30: VOC vehicle type | D30: Passenger vehicle | E30: Noise vehicle type | F30: Automobile
A32: Emission controls
A33: Include CO2e? | B33: Yes
A34: Social Cost of Carbon case | B34: Reference 2.0%
A36: Equity analysis controls
A37: Primary elasticity | B37: 1.4 | C37: Income basis | D37: Calculator default
A38: Lower elasticity | B38: 1 | C38: Distribution method | D38: Equal
A39: Higher elasticity | B39: 1.8 | C39: Number of selected quintile | D39: =COUNTIF(D43:D47,TRUE()) -> 2
A42: Income group | B42: Average income used | C42: scenario-specific income input | D42: Allocation treatment | E42: Unit
A43: Lowest Quintile (0-20%) | B43: =IF($D$37="Calculator default",INDEX($D$50:$I$52,$B$50,1),IF(C43>0,C43,"")) -> 18076 | C43: 0 | D43: TRUE | E43: 2024$/household/year
A44: Second Quintile (20%-40%) | B44: =IF($D$37="Calculator default",INDEX($D$50:$I$52,$B$50,2),IF(C44>0,C44,"")) -> 50078 | C44: 0 | D44: TRUE | E44: 2024$/household/year
A45: Third Quintile (40%-60%) | B45: =IF($D$37="Calculator default",INDEX($D$50:$I$52,$B$50,3),IF(C45>0,C45,"")) -> 83471 | C45: 0 | D45: FALSE | E45: 2024$/household/year
A46: Fourth Quintile (60%-80%) | B46: =IF($D$37="Calculator default",INDEX($D$50:$I$52,$B$50,4),IF(C46>0,C46,"")) -> 83471 | C46: 0 | D46: FALSE | E46: 2024$/household/year
A47: Highest Quintile (80%-100%) | B47: =IF($D$37="Calculator default",INDEX($D$50:$I$52,$B$50,5),IF(C47>0,C47,"")) -> 128593 | C47: 0 | D47: FALSE | E47: 2024$/household/year
A49: Internal helper | B49: Value | C49: Area designation | D49: Q1 | E49: Q2 | F49: Q3 | G49: Q3 | H49: Q4 | I49: Q5
A50: Geography index | B50: =MATCH($B$7,{"Statewide","Urban","Rural"},0) -> 1 | C50: Statewide | D50: ='Parameter Library'!$E$40 -> 18076 | E50: ='Parameter Library'!$E$41 -> 50078 | F50: ='Parameter Library'!$E$42 -> 83471 | G50: ='Parameter Library'!$E$42 -> 83471 | H50: ='Parameter Library'!$E$43 -> 128593 | I50: ='Parameter Library'!$E$44 -> 277493
A51: scenario-specific completeness | B51: =COUNTIF(C43:C47,">0") -> 0 | C51: Urban | D51: ='Parameter Library'!$E$45 -> 19893.732 | E51: ='Parameter Library'!$E$46 -> 54018.184 | F51: ='Parameter Library'!$E$47 -> 88576.547 | G51: ='Parameter Library'!$E$47 -> 88576.547 | H51: ='Parameter Library'!$E$48 -> 135194.47 | I51: ='Parameter Library'!$E$49 -> 284031.69
A52: Rural | C52: Rural | D52: ='Parameter Library'!$E$50 -> 14489.541 | E52: ='Parameter Library'!$E$51 -> 38796.361 | F52: ='Parameter Library'!$E$52 -> 64605.277 | G52: ='Parameter Library'!$E$52 -> 64605.277 | H52: ='Parameter Library'!$E$53 -> 99678.794 | I52: ='Parameter Library'!$E$54 -> 209274.32
A54: Sensitivity controls
A55: Stage 1 test | B55: Include? | C55: Basis | D55: Test value | E55: Guidance
A56: Discount rate | B56: Yes | C56: Baseline rate | D56: 0.03 | E56: Framework range; hold other assumptions constant.
A57: Analysis period | B57: Yes | C57: 30 | D57: 20 | E57: Use a horizon appropriate to asset life and benefit timing.
A58: Aggregate benefits | B58: Yes | C58: 1 | D58: 0.8 | E58: Use a documented range reflecting demand, valuation, and behavioral uncertainty.

Sheet Output Summary
A1: Oregon Mode-Based Benefit-Cost Analysis | Final Report Summary
A4: 1. Baseline and core mileage inputs
A5: Baseline parameter | B5: Value | D5: Mode | E5: Mileage input | G5: Optional parameter | H5: Value
A6: Dollar year | B6: =Baseline!$B$6 -> 2024 | D6: Automobile | E6: ='Scenario Inputs'!$B$11 -> 0 | G6: Travel scope | H6: ='Scenario Inputs'!$B$21 -> Local
A7: Analysis start | B7: =Baseline!$B$7 -> 2027 | D7: Transit | E7: ='Scenario Inputs'!$B$12 -> 100000 | G7: Travel purpose | H7: ='Scenario Inputs'!$E$21 -> All purposes
A8: Opening year | B8: =Baseline!$B$8 -> 2027 | D8: Walking | E8: ='Scenario Inputs'!$B$13 -> 0 | G8: Safety facility | H8: ='Scenario Inputs'!$B$30 -> Interstate
A9: Real discount rate | B9: ='Scenario Inputs'!$B$5 -> 0.07 | D9: Cycling | E9: ='Scenario Inputs'!$B$14 -> 0 | G9: VOC vehicle type | H9: ='Scenario Inputs'!$D$30 -> Passenger vehicle
A10: Analysis period | B10: ='Scenario Inputs'!$B$6 -> 30 | G10: Noise vehicle type | H10: ='Scenario Inputs'!$F$30 -> Automobile
A11: Geography | B11: ='Scenario Inputs'!B7 -> Statewide | G11: CO2e included? | H11: ='Scenario Inputs'!$B$33 -> Yes
A12: Equity required | B12: ='Scenario Inputs'!B8 -> Yes | G12: SCC case | H12: ='Scenario Inputs'!$B$34 -> Reference 2.0%
A13: PV net cost | B13: ='Scenario Inputs'!$B$18 -> 0
A17: 2. Core analysis results
A18: Base (unweighted) result | B18: Value | D18: Benefit per mile | E18: Value
A19: Present value of benefits | B19: ='Travel Time Savings'!$B$6+Safety!$B$6+VOC!$B$6+Emissions!$B$6+Health!$B$6+Noise!$B$6 -> -5836597.9 | D19: PV benefit / total affected person-mile | E19: =IF(B28=0,"",B19/B28) -> -1.9455326
A20: First operating-year benefits | B20: ='Travel Time Savings'!$B$5+Safety!$B$5+VOC!$B$5+Emissions!$B$5+Health!$B$5+Noise!$B$5 -> -356075.06 | D20: Weighted PV benefit / discounted affected person-mile | E20: =IF(B28=0,"",E33/B28) -> -4.2059279
A21: Present value of costs | B21: ='Scenario Inputs'!$B$18 -> 0
A22: Net present value | B22: =B19-B21 -> -5836597.9
A23: Benefit-cost ratio | B23: =IF(B21=0,"",B19/B21)
A25: Affected mile | B25: Value
A26: Steady-state affected person-miles | B26: =ABS('Travel Time Savings'!$B$33)+ABS(E7)+ABS(E8)+ABS(E9) -> 100000
A27: First operating-year affected person-miles | B27: =$B$26*Baseline!$B$10 -> 80000
A28: Total affected person-miles | B28: =B26*'Scenario Inputs'!$B$6 -> 3000000
A31: 3. Equity analysis results
A32: Equity controls | B32: Value | D32: Equity weighted result | E32: Value
A33: Geography | B33: ='Scenario Inputs'!B7 -> Statewide | D33: Equity-weighted PV benefits | E33: ='Equity Welfare'!$B$9 -> -12617784
A34: Primary elasticity | B34: ='Scenario Inputs'!$B$37 -> 1.4 | D34: Equity-weighted NPV | E34: ='Equity Welfare'!$D$8 -> -12617784
A35: Income basis | B35: ='Scenario Inputs'!$D$37 -> Calculator default | D35: Equity-weighted BCR | E35: ='Equity Welfare'!$D$9
A36: Equity distribution method | B36: ='Scenario Inputs'!$D$38 -> Equal
A38: Income group | B38: Allocation treatment
A39: Lowest Quintile (0-20%) | B39: ='Scenario Inputs'!D43 -> TRUE
A40: Second Quintile (20%-40%) | B40: ='Scenario Inputs'!D44 -> TRUE
A41: Third Quintile (40%-60%) | B41: ='Scenario Inputs'!D45 -> FALSE
A42: Fourth Quintile (60%-80%) | B42: ='Scenario Inputs'!D46 -> FALSE
A43: Highest Quintile (80%-100%) | B43: ='Scenario Inputs'!D47 -> FALSE
A46: 4. Benefit results by category
A47: Benefit | B47: Steady-state annual benefit | C47: First operating-year benefit | D47: Present value
A48: Travel Time Savings | B48: ='Travel Time Savings'!$B$4 -> -165863.91 | C48: ='Travel Time Savings'!$B$5 -> -132691.12 | D48: ='Travel Time Savings'!$B$6 -> -2175004.1
A49: Safety | B49: =Safety!$B$4 -> 0 | C49: =Safety!$B$5 -> 0 | D49: =Safety!$B$6 -> 0
A50: VOC | B50: =VOC!$B$4 -> -279229.92 | C50: =VOC!$B$5 -> -223383.94 | D50: =VOC!$B$6 -> -3661593.7
A51: Emissions | B51: =Emissions!$B$4 -> 0 | C51: =Emissions!$B$5 -> 0 | D51: =Emissions!$B$6 -> 0
A52: Health | B52: =Health!$B$4 -> 0 | C52: =Health!$B$5 -> 0 | D52: =Health!$B$6 -> 0
A53: Noise | B53: =Noise!$B$4 -> 0 | C53: =Noise!$B$5 -> 0 | D53: =Noise!$B$6 -> 0
A54: Total benefits | B54: =SUM(B48:B53) -> -445093.83 | C54: =SUM(C48:C53) -> -356075.06 | D54: =SUM(D48:D53) -> -5836597.9
A57: 5. Equity distribution results
A58: Income group | B58: Average income | C58: Benefit share | D58: Welfare weight | E58: Unweighted benefit | F58: Weighted benefit
A59: Lowest Quintile | B59: ='Equity Welfare'!$B$14 -> 18076 | C59: ='Equity Welfare'!$B$28 -> 0.2 | D59: ='Equity Welfare'!$D$14 -> 7.0229724 | E59: ='Equity Welfare'!$C$28 -> -1167319.6 | F59: ='Equity Welfare'!$E$28 -> -8198053.2
A60: Second Quintile | B60: ='Equity Welfare'!$B$15 -> 50078 | C60: ='Equity Welfare'!$B$29 -> 0.2 | D60: ='Equity Welfare'!$D$15 -> 1.6863917 | E60: ='Equity Welfare'!$C$29 -> -1167319.6 | F60: ='Equity Welfare'!$E$29 -> -1968558.1
A61: Third Quintile | B61: ='Equity Welfare'!$B$16 -> 83471 | C61: ='Equity Welfare'!$B$30 -> 0.2 | D61: ='Equity Welfare'!$D$16 -> 0.82473488 | E61: ='Equity Welfare'!$C$30 -> -1167319.6 | F61: ='Equity Welfare'!$E$30 -> -962729.17
A62: Fourth Quintile | B62: ='Equity Welfare'!$B$17 -> 83471 | C62: ='Equity Welfare'!B31 -> 0.2 | D62: ='Equity Welfare'!$D$17 -> 0.82473488 | E62: ='Equity Welfare'!$C$31 -> -1167319.6 | F62: ='Equity Welfare'!$E$31 -> -962729.17
A63: Highest Quintile | B63: ='Equity Welfare'!$B$18 -> 128593 | C63: ='Equity Welfare'!$B$32 -> 0.2 | D63: ='Equity Welfare'!$D$18 -> 0.45036016 | E63: ='Equity Welfare'!$C$32 -> -1167319.6 | F63: ='Equity Welfare'!E32 -> -525714.23
A64: Total | B64: =SUM(B59:B63) -> 363689 | C64: =SUM(C59:C63) -> 1 | E64: =SUM(E59:E63) -> -5836597.9 | F64: =SUM(F59:F63) -> -12617784
A67: 6. Equity elasticity sensitivity
A68: Scenario | B68: Elasticity | C68: Weighted benefits | D68: PV costs | E68: Weighted NPV | F68: Weighted BCR
A69: No weighting | B69: ='Equity Welfare'!$B$38 -> 0 | C69: ='Equity Welfare'!$C$38 -> -5836597.9 | D69: ='Equity Welfare'!$D$38 -> 0 | E69: ='Equity Welfare'!$E$38 -> -5836597.9 | F69: ='Equity Welfare'!$F$38
A70: Lower elasticity | B70: ='Equity Welfare'!$B$39 -> 1 | C70: ='Equity Welfare'!C39 -> -9087536.7 | D70: ='Equity Welfare'!D39 -> 0 | E70: ='Equity Welfare'!$E$39 -> -9087536.7 | F70: ='Equity Welfare'!$F$39
A71: Primary elasticity | B71: ='Equity Welfare'!$B$40 -> 1.4 | C71: ='Equity Welfare'!$C$40 -> -12617784 | D71: ='Equity Welfare'!$D$40 -> 0 | E71: ='Equity Welfare'!$E$40 -> -12617784 | F71: ='Equity Welfare'!$F$40
A72: Higher elasticity | B72: ='Equity Welfare'!$B$41 -> 1.8 | C72: ='Equity Welfare'!$C$41 -> -18834283 | D72: ='Equity Welfare'!$D$41 -> 0 | E72: ='Equity Welfare'!$E$41 -> -18834283 | F72: ='Equity Welfare'!$F$41
A75: 7. Sensitivity test results
A76: Parameter | B76: Base value | C76: Test value | D76: PV benefits | E76: PV costs | F76: NPV | G76: BCR | H76: NPV change
A77: Base results | B77: - | C77: - | D77: ='Travel Time Savings'!$B$6+Safety!$B$6+VOC!$B$6+Emissions!$B$6+Health!$B$6+Noise!$B$6 -> -5836597.9 | E77: ='Scenario Inputs'!$B$18 -> 0 | F77: =B19-B21 -> -5836597.9 | G77: =IF(B21=0,"",B19/B21) | H77: =IF(C21=0,"",C19/C21)
A78: Discount rate | B78: ='Scenario Inputs'!$B$5 -> 0.07 | C78: =Sensitivity!$C$11 -> 0.03 | D78: =Sensitivity!$D$11 -> -8891564.9 | E78: =Sensitivity!$E$11 -> 0 | F78: =Sensitivity!$F$11 -> -8891564.9 | G78: =Sensitivity!$G$11 | H78: =Sensitivity!$H$11 -> -3054967
A79: Analysis period | B79: ='Scenario Inputs'!$B$6 -> 30 | C79: =Sensitivity!$C$12 -> 20 | D79: =Sensitivity!$D$12 -> -4972190.6 | E79: =Sensitivity!$E$12 -> 0 | F79: =Sensitivity!$F$12 -> -4972190.6 | G79: =Sensitivity!$G$12 | H79: =Sensitivity!$H$12 -> 864407.3
A80: Aggregate benefits | B80: 1 | C80: =Sensitivity!$C$13 -> 0.8 | D80: =Sensitivity!$D$13 -> -4669278.3 | E80: =Sensitivity!$E$13 -> 0 | F80: =Sensitivity!$F$13 -> -4669278.3 | G80: =Sensitivity!$G$13 | H80: =Sensitivity!$H$13 -> 1167319.6

Sheet Baseline
A1: Baseline parameters
A2: Confirm the constant-dollar year, analysis start, opening year, analysis period, real discount rate, growth or escalation assumptions, and ramp-up profile before entering benefits or costs. These settings implement the framework's common timing and present-value conventions across every calculation tab.
A4: Baseline Parameters and Assumptions | F4: GDP Deflator
A5: Parameter | B5: Value | C5: Unit | D5: Guidance | F5: Year | G5: GDP deflator | H5: Multiplier to 2024$
A6: Dollar base year | B6: 2024 | C6: year | D6: All values must use this constant-dollar year | F6: 2004 | G6: 79.077 | H6: =$G$26/G6 -> 1.5861502
A7: Analysis start year | B7: 2027 | C7: year | D7: Present-value year and first modeled year | F7: 2005 | G7: 81.556 | H7: =$G$26/G7 -> 1.5379371
A8: Opening / implementation year | B8: 2027 | C8: year | D8: Benefits and O&M begin in this year | F8: 2006 | G8: 84.071 | H8: =$G$26/G8 -> 1.4919294
A9: Real annual benefit growth | B9: 0 | C9: % | D9: Use only for documented real growth, not inflation | F9: 2007 | G9: 86.349 | H9: =$G$26/G9 -> 1.4525704
A10: First-year benefit realization | B10: 0.8 | C10: % | D10: Share of steady-state benefits in opening year | F10: 2008 | G10: 88.013 | H10: =$G$26/G10 -> 1.4251077
A11: Second-year benefit realization | B11: 0.9 | C11: % | D11: Share of steady-state benefits in second year | F11: 2009 | G11: 88.556 | H11: =$G$26/G11 -> 1.4163693
A12: Full-effect year | B12: 1 | C12: % | D12: Applied thereafter | F12: 2010 | G12: 89.632 | H12: =$G$26/G12 -> 1.3993663
A13: Analysis end year | B13: =B7+'Scenario Inputs'!B6-1 -> 2056 | C13: year | D13: Calculated | F13: 2011 | G13: 91.481 | H13: =$G$26/G13 -> 1.3710825
F14: 2012 | G14: 93.185 | H14: =$G$26/G14 -> 1.3460106
F15: 2013 | G15: 94.771 | H15: =$G$26/G15 -> 1.323485
F16: 2014 | G16: 96.421 | H16: =$G$26/G16 -> 1.300837
F17: 2015 | G17: 97.316 | H17: =$G$26/G17 -> 1.2888734
F18: 2016 | G18: 98.241 | H18: =$G$26/G18 -> 1.2767378
F19: 2017 | G19: 100 | H19: =$G$26/G19 -> 1.25428
F20: 2018 | G20: 102.291 | H20: =$G$26/G20 -> 1.226188
F21: 2019 | G21: 103.979 | H21: =$G$26/G21 -> 1.206282
F22: 2020 | G22: 105.377 | H22: =$G$26/G22 -> 1.1902787
F23: 2021 | G23: 110.186 | H23: =$G$26/G23 -> 1.1383297
F24: 2022 | G24: 118.023 | H24: =$G$26/G24 -> 1.062742
F25: 2023 | G25: 122.39 | H25: =$G$26/G25 -> 1.0248223
F26: 2024 | G26: 125.428 | H26: =$G$26/G26 -> 1
A29: Master annual timeline
A30: Calendar year | B30: Analysis year | C30: Operating? | D30: Realization factor | E30: Growth factor | F30: Discount factor
A31: =$B$7+ROW(A1)-1 -> 2027 | B31: =ROW(A1)-1 -> 0 | C31: =IF(AND(A31>=$B$8,A31<=$B$13),1,0) -> 1 | D31: =IF(C31=0,0,IF(A31=$B$8,$B$10,IF(A31=$B$8+1,$B$11,$B$12))) -> 0.8 | E31: =IF(C31=1,(1+Baseline!$B$9)^(A31-Baseline!$B$8),0) -> 1 | F31: =IF(B31<'Scenario Inputs'!$B$6,1/(1+'Scenario Inputs'!$B$5)^B31,0) -> 1
A32: =$B$7+ROW(A2)-1 -> 2028 | B32: =ROW(A2)-1 -> 1 | C32: =IF(AND(A32>=$B$8,A32<=$B$13),1,0) -> 1 | D32: =IF(C32=0,0,IF(A32=$B$8,$B$10,IF(A32=$B$8+1,$B$11,$B$12))) -> 0.9 | E32: =IF(C32=1,(1+Baseline!$B$9)^(A32-Baseline!$B$8),0) -> 1 | F32: =IF(B32<'Scenario Inputs'!$B$6,1/(1+'Scenario Inputs'!$B$5)^B32,0) -> 0.93457944
A33: =$B$7+ROW(A3)-1 -> 2029 | B33: =ROW(A3)-1 -> 2 | C33: =IF(AND(A33>=$B$8,A33<=$B$13),1,0) -> 1 | D33: =IF(C33=0,0,IF(A33=$B$8,$B$10,IF(A33=$B$8+1,$B$11,$B$12))) -> 1 | E33: =IF(C33=1,(1+Baseline!$B$9)^(A33-Baseline!$B$8),0) -> 1 | F33: =IF(B33<'Scenario Inputs'!$B$6,1/(1+'Scenario Inputs'!$B$5)^B33,0) -> 0.87343873
A34: =$B$7+ROW(A4)-1 -> 2030 | B34: =ROW(A4)-1 -> 3 | C34: =IF(AND(A34>=$B$8,A34<=$B$13),1,0) -> 1 | D34: =IF(C34=0,0,IF(A34=$B$8,$B$10,IF(A34=$B$8+1,$B$11,$B$12))) -> 1 | E34: =IF(C34=1,(1+Baseline!$B$9)^(A34-Baseline!$B$8),0) -> 1 | F34: =IF(B34<'Scenario Inputs'!$B$6,1/(1+'Scenario Inputs'!$B$5)^B34,0) -> 0.81629788
A35: =$B$7+ROW(A5)-1 -> 2031 | B35: =ROW(A5)-1 -> 4 | C35: =IF(AND(A35>=$B$8,A35<=$B$13),1,0) -> 1 | D35: =IF(C35=0,0,IF(A35=$B$8,$B$10,IF(A35=$B$8+1,$B$11,$B$12))) -> 1 | E35: =IF(C35=1,(1+Baseline!$B$9)^(A35-Baseline!$B$8),0) -> 1 | F35: =IF(B35<'Scenario Inputs'!$B$6,1/(1+'Scenario Inputs'!$B$5)^B35,0) -> 0.76289521
A36: =$B$7+ROW(A6)-1 -> 2032 | B36: =ROW(A6)-1 -> 5 | C36: =IF(AND(A36>=$B$8,A36<=$B$13),1,0) -> 1 | D36: =IF(C36=0,0,IF(A36=$B$8,$B$10,IF(A36=$B$8+1,$B$11,$B$12))) -> 1 | E36: =IF(C36=1,(1+Baseline!$B$9)^(A36-Baseline!$B$8),0) -> 1 | F36: =IF(B36<'Scenario Inputs'!$B$6,1/(1+'Scenario Inputs'!$B$5)^B36,0) -> 0.71298618
A37: =$B$7+ROW(A7)-1 -> 2033 | B37: =ROW(A7)-1 -> 6 | C37: =IF(AND(A37>=$B$8,A37<=$B$13),1,0) -> 1 | D37: =IF(C37=0,0,IF(A37=$B$8,$B$10,IF(A37=$B$8+1,$B$11,$B$12))) -> 1 | E37: =IF(C37=1,(1+Baseline!$B$9)^(A37-Baseline!$B$8),0) -> 1 | F37: =IF(B37<'Scenario Inputs'!$B$6,1/(1+'Scenario Inputs'!$B$5)^B37,0) -> 0.66634222
A38: =$B$7+ROW(A8)-1 -> 2034 | B38: =ROW(A8)-1 -> 7 | C38: =IF(AND(A38>=$B$8,A38<=$B$13),1,0) -> 1 | D38: =IF(C38=0,0,IF(A38=$B$8,$B$10,IF(A38=$B$8+1,$B$11,$B$12))) -> 1 | E38: =IF(C38=1,(1+Baseline!$B$9)^(A38-Baseline!$B$8),0) -> 1 | F38: =IF(B38<'Scenario Inputs'!$B$6,1/(1+'Scenario Inputs'!$B$5)^B38,0) -> 0.62274974
A39: =$B$7+ROW(A9)-1 -> 2035 | B39: =ROW(A9)-1 -> 8 | C39: =IF(AND(A39>=$B$8,A39<=$B$13),1,0) -> 1 | D39: =IF(C39=0,0,IF(A39=$B$8,$B$10,IF(A39=$B$8+1,$B$11,$B$12))) -> 1 | E39: =IF(C39=1,(1+Baseline!$B$9)^(A39-Baseline!$B$8),0) -> 1 | F39: =IF(B39<'Scenario Inputs'!$B$6,1/(1+'Scenario Inputs'!$B$5)^B39,0) -> 0.5820091
A40: =$B$7+ROW(A10)-1 -> 2036 | B40: =ROW(A10)-1 -> 9 | C40: =IF(AND(A40>=$B$8,A40<=$B$13),1,0) -> 1 | D40: =IF(C40=0,0,IF(A40=$B$8,$B$10,IF(A40=$B$8+1,$B$11,$B$12))) -> 1 | E40: =IF(C40=1,(1+Baseline!$B$9)^(A40-Baseline!$B$8),0) -> 1 | F40: =IF(B40<'Scenario Inputs'!$B$6,1/(1+'Scenario Inputs'!$B$5)^B40,0) -> 0.54393374
A41: =$B$7+ROW(A11)-1 -> 2037 | B41: =ROW(A10)-1 -> 9 | C41: =IF(AND(A41>=$B$8,A41<=$B$13),1,0) -> 1 | D41: =IF(C41=0,0,IF(A41=$B$8,$B$10,IF(A41=$B$8+1,$B$11,$B$12))) -> 1 | E41: =IF(C41=1,(1+Baseline!$B$9)^(A41-Baseline!$B$8),0) -> 1 | F41: =IF(B41<'Scenario Inputs'!$B$6,1/(1+'Scenario Inputs'!$B$5)^B41,0) -> 0.54393374
A42: =$B$7+ROW(A12)-1 -> 2038 | B42: =ROW(A11)-1 -> 10 | C42: =IF(AND(A42>=$B$8,A42<=$B$13),1,0) -> 1 | D42: =IF(C42=0,0,IF(A42=$B$8,$B$10,IF(A42=$B$8+1,$B$11,$B$12))) -> 1 | E42: =IF(C42=1,(1+Baseline!$B$9)^(A42-Baseline!$B$8),0) -> 1 | F42: =IF(B42<'Scenario Inputs'!$B$6,1/(1+'Scenario Inputs'!$B$5)^B42,0) -> 0.50834929
A43: =$B$7+ROW(A13)-1 -> 2039 | B43: =ROW(A12)-1 -> 11 | C43: =IF(AND(A43>=$B$8,A43<=$B$13),1,0) -> 1 | D43: =IF(C43=0,0,IF(A43=$B$8,$B$10,IF(A43=$B$8+1,$B$11,$B$12))) -> 1 | E43: =IF(C43=1,(1+Baseline!$B$9)^(A43-Baseline!$B$8),0) -> 1 | F43: =IF(B43<'Scenario Inputs'!$B$6,1/(1+'Scenario Inputs'!$B$5)^B43,0) -> 0.4750928
A44: =$B$7+ROW(A14)-1 -> 2040 | B44: =ROW(A13)-1 -> 12 | C44: =IF(AND(A44>=$B$8,A44<=$B$13),1,0) -> 1 | D44: =IF(C44=0,0,IF(A44=$B$8,$B$10,IF(A44=$B$8+1,$B$11,$B$12))) -> 1 | E44: =IF(C44=1,(1+Baseline!$B$9)^(A44-Baseline!$B$8),0) -> 1 | F44: =IF(B44<'Scenario Inputs'!$B$6,1/(1+'Scenario Inputs'!$B$5)^B44,0) -> 0.44401196
A45: =$B$7+ROW(A15)-1 -> 2041 | B45: =ROW(A15)-1 -> 14 | C45: =IF(AND(A45>=$B$8,A45<=$B$13),1,0) -> 1 | D45: =IF(C45=0,0,IF(A45=$B$8,$B$10,IF(A45=$B$8+1,$B$11,$B$12))) -> 1 | E45: =IF(C45=1,(1+Baseline!$B$9)^(A45-Baseline!$B$8),0) -> 1 | F45: =IF(B45<'Scenario Inputs'!$B$6,1/(1+'Scenario Inputs'!$B$5)^B45,0) -> 0.38781724
A46: =$B$7+ROW(A16)-1 -> 2042 | B46: =ROW(A16)-1 -> 15 | C46: =IF(AND(A46>=$B$8,A46<=$B$13),1,0) -> 1 | D46: =IF(C46=0,0,IF(A46=$B$8,$B$10,IF(A46=$B$8+1,$B$11,$B$12))) -> 1 | E46: =IF(C46=1,(1+Baseline!$B$9)^(A46-Baseline!$B$8),0) -> 1 | F46: =IF(B46<'Scenario Inputs'!$B$6,1/(1+'Scenario Inputs'!$B$5)^B46,0) -> 0.36244602
A47: =$B$7+ROW(A17)-1 -> 2043 | B47: =ROW(A17)-1 -> 16 | C47: =IF(AND(A47>=$B$8,A47<=$B$13),1,0) -> 1 | D47: =IF(C47=0,0,IF(A47=$B$8,$B$10,IF(A47=$B$8+1,$B$11,$B$12))) -> 1 | E47: =IF(C47=1,(1+Baseline!$B$9)^(A47-Baseline!$B$8),0) -> 1 | F47: =IF(B47<'Scenario Inputs'!$B$6,1/(1+'Scenario Inputs'!$B$5)^B47,0) -> 0.3387346
A48: =$B$7+ROW(A18)-1 -> 2044 | B48: =ROW(A18)-1 -> 17 | C48: =IF(AND(A48>=$B$8,A48<=$B$13),1,0) -> 1 | D48: =IF(C48=0,0,IF(A48=$B$8,$B$10,IF(A48=$B$8+1,$B$11,$B$12))) -> 1 | E48: =IF(C48=1,(1+Baseline!$B$9)^(A48-Baseline!$B$8),0) -> 1 | F48: =IF(B48<'Scenario Inputs'!$B$6,1/(1+'Scenario Inputs'!$B$5)^B48,0) -> 0.31657439
A49: =$B$7+ROW(A19)-1 -> 2045 | B49: =ROW(A19)-1 -> 18 | C49: =IF(AND(A49>=$B$8,A49<=$B$13),1,0) -> 1 | D49: =IF(C49=0,0,IF(A49=$B$8,$B$10,IF(A49=$B$8+1,$B$11,$B$12))) -> 1 | E49: =IF(C49=1,(1+Baseline!$B$9)^(A49-Baseline!$B$8),0) -> 1 | F49: =IF(B49<'Scenario Inputs'!$B$6,1/(1+'Scenario Inputs'!$B$5)^B49,0) -> 0.29586392
A50: =$B$7+ROW(A20)-1 -> 2046 | B50: =ROW(A20)-1 -> 19 | C50: =IF(AND(A50>=$B$8,A50<=$B$13),1,0) -> 1 | D50: =IF(C50=0,0,IF(A50=$B$8,$B$10,IF(A50=$B$8+1,$B$11,$B$12))) -> 1 | E50: =IF(C50=1,(1+Baseline!$B$9)^(A50-Baseline!$B$8),0) -> 1 | F50: =IF(B50<'Scenario Inputs'!$B$6,1/(1+'Scenario Inputs'!$B$5)^B50,0) -> 0.27650833
A51: =$B$7+ROW(A21)-1 -> 2047 | B51: =ROW(A21)-1 -> 20 | C51: =IF(AND(A51>=$B$8,A51<=$B$13),1,0) -> 1 | D51: =IF(C51=0,0,IF(A51=$B$8,$B$10,IF(A51=$B$8+1,$B$11,$B$12))) -> 1 | E51: =IF(C51=1,(1+Baseline!$B$9)^(A51-Baseline!$B$8),0) -> 1 | F51: =IF(B51<'Scenario Inputs'!$B$6,1/(1+'Scenario Inputs'!$B$5)^B51,0) -> 0.258419
A52: =$B$7+ROW(A22)-1 -> 2048 | B52: =ROW(A22)-1 -> 21 | C52: =IF(AND(A52>=$B$8,A52<=$B$13),1,0) -> 1 | D52: =IF(C52=0,0,IF(A52=$B$8,$B$10,IF(A52=$B$8+1,$B$11,$B$12))) -> 1 | E52: =IF(C52=1,(1+Baseline!$B$9)^(A52-Baseline!$B$8),0) -> 1 | F52: =IF(B52<'Scenario Inputs'!$B$6,1/(1+'Scenario Inputs'!$B$5)^B52,0) -> 0.24151309
A53: =$B$7+ROW(A23)-1 -> 2049 | B53: =ROW(A23)-1 -> 22 | C53: =IF(AND(A53>=$B$8,A53<=$B$13),1,0) -> 1 | D53: =IF(C53=0,0,IF(A53=$B$8,$B$10,IF(A53=$B$8+1,$B$11,$B$12))) -> 1 | E53: =IF(C53=1,(1+Baseline!$B$9)^(A53-Baseline!$B$8),0) -> 1 | F53: =IF(B53<'Scenario Inputs'!$B$6,1/(1+'Scenario Inputs'!$B$5)^B53,0) -> 0.22571317
A54: =$B$7+ROW(A24)-1 -> 2050 | B54: =ROW(A24)-1 -> 23 | C54: =IF(AND(A54>=$B$8,A54<=$B$13),1,0) -> 1 | D54: =IF(C54=0,0,IF(A54=$B$8,$B$10,IF(A54=$B$8+1,$B$11,$B$12))) -> 1 | E54: =IF(C54=1,(1+Baseline!$B$9)^(A54-Baseline!$B$8),0) -> 1 | F54: =IF(B54<'Scenario Inputs'!$B$6,1/(1+'Scenario Inputs'!$B$5)^B54,0) -> 0.21094688
A55: =$B$7+ROW(A25)-1 -> 2051 | B55: =ROW(A25)-1 -> 24 | C55: =IF(AND(A55>=$B$8,A55<=$B$13),1,0) -> 1 | D55: =IF(C55=0,0,IF(A55=$B$8,$B$10,IF(A55=$B$8+1,$B$11,$B$12))) -> 1 | E55: =IF(C55=1,(1+Baseline!$B$9)^(A55-Baseline!$B$8),0) -> 1 | F55: =IF(B55<'Scenario Inputs'!$B$6,1/(1+'Scenario Inputs'!$B$5)^B55,0) -> 0.19714662
A56: =$B$7+ROW(A26)-1 -> 2052 | B56: =ROW(A26)-1 -> 25 | C56: =IF(AND(A56>=$B$8,A56<=$B$13),1,0) -> 1 | D56: =IF(C56=0,0,IF(A56=$B$8,$B$10,IF(A56=$B$8+1,$B$11,$B$12))) -> 1 | E56: =IF(C56=1,(1+Baseline!$B$9)^(A56-Baseline!$B$8),0) -> 1 | F56: =IF(B56<'Scenario Inputs'!$B$6,1/(1+'Scenario Inputs'!$B$5)^B56,0) -> 0.18424918
... A81: =$B$7+ROW(A51)-1 -> 2077 | B81: =ROW(A51)-1 -> 50 | C81: =IF(AND(A81>=$B$8,A81<=$B$13),1,0) -> 0 | D81: =IF(C81=0,0,IF(A81=$B$8,$B$10,IF(A81=$B$8+1,$B$11,$B$12))) -> 0 | E81: =IF(C81=1,(1+Baseline!$B$9)^(A81-Baseline!$B$8),0) -> 0 | F81: =IF(B81<'Scenario Inputs'!$B$6,1/(1+'Scenario Inputs'!$B$5)^B81,0) -> 0

Sheet Parameter Library
A1: Parameter library
A2: Review each category band before using monetized values. Confirm the parameter's definition, unit, dollar year, geography, source vintage, and applicability to the scenario; replace a default only with a documented value of equal or better relevance. The library includes both monetized unit values and underlying technical assumptions so analysts can reproduce or update the framework calculations.
A4: Assumptions
A5: ID | B5: Category Flag | C5: Parameter | D5: Geography designation | E5: Value | F5: Description | G5: Unit | H5: Source | I5: Notes
B6: Assumptions | C6: Annualization Factor | D6: General | E6: 365 | F6: Calendar days | G6: days/year | I6: Day-to-Annual conversion
B7: Assumptions | C7: Annualization Factor | D7: General | E7: 261 | F7: Workdays | G7: days/year | I7: Standard working days per year
B8: Assumptions | C8: Annualization Factor | D8: General | E8: 292 | F8: Weekday service | G8: days/year | I8: Annual weekday service days
B9: Assumptions | C9: Work hours | D9: General | E9: 2080 | F9: Work hours | G9: hour | I9: Standard full-time work hours per year
B10: Assumptions | C10: Employer Costs for Employee Compensation | D10: General | E10: 1.45 | F10: Employer costs for employee compensation, all | G10: factor | H10: BLS Employer Costs for Employee Compensation (March, 2024) | I10: Total compensation/Wages and Salaries of Civilian workers
B11: Assumptions | C11: Employer Costs for Employee Compensation for Transportation and material moving occupation | D11: General | E11: 1.45 | F11: Employer costs for employee compensation, transportation and material moving occupation group | G11: factor | H11: BLS Employer Costs for Employee Compensation (March, 2024) | I11: Total compensation/Wages and Salaries of Transportation and material moving occupation group under Civilian workers
B12: Assumptions | C12: Local-personal travel VOTT factor | D12: General | E12: 0.5 | F12: VOTT estimation factor, local travel, personal travel | G12: % | H12: USDOT BCA Guidance (2024)
B13: Assumptions | C13: Intercity-personal travel VOTT factor | D13: General | E13: 0.7 | F13: VOTT estimation factor, intercity travel, personal travel | G13: % | H13: USDOT BCA Guidance (2024)
B14: Assumptions | C14: Business travel VOTT factor | D14: General | E14: 1 | F14: VOTT estimation factor, business travel | G14: % | H14: USDOT BCA Guidance (2024)
B15: Assumptions | C15: Air/HSR factor for personal travel | D15: General | E15: 1.9 | F15: Air/HSR factor, personal travel | G15: factor | H15: USDOT BCA Guidance (2024) | I15: Factor for intercity personal travel VOT using air and high-speed rail
B16: Assumptions | C16: Air/HSR factor for business travel | D16: General | E16: 2.5 | F16: Air/HSR factor, business travel | G16: factor | H16: USDOT BCA Guidance (2024) | I16: Factor for intercity business travel VOT using air and high-speed rail
B17: Assumptions | C17: Statewide VMT (statewide) | D17: Statewide | E17: 37396 | F17: Oregon statewide VMT, statewide | G17: million VMT/year | H17: ODOT Traffic Counting (2024) | I17: Factor for crash rates
B18: Assumptions | C18: Statewide VMT (urban) | D18: Urban | E18: 22100.393 | F18: Oregon statewide VMT, urban | G18: million VMT/year | H18: FHWA Highway Statistics (2024)
B19: Assumptions | C19: Statewide VMT (rural) | D19: Rural | E19: 15298.496 | F19: Oregon statewide VMT, rural | G19: million VMT/year | H19: FHWA Highway Statistics (2024)
B20: Assumptions | C20: Walking population share (aged 20-74) | D20: General | E20: 0.7 | F20: Population share aged 20-74 | G20: % | H20: ACS 1-year Estimate (2024) | I20: Assumed proportion of the population falling into age range for walking
B21: Assumptions | C21: Cycling population share (aged 20-74) | D21: General | E21: 0.585 | F21: Population share aged 20-64 | G21: % | H21: ACS 1-year Estimate (2024) | I21: Assumed proportion of the population falling into the age range for cycling
B22: Assumptions | C22: Pollutant conversion factor | D22: General | E22: 1.10231 | F22: Conversion factor (metric ton vs. short ton) | G22: factor | H22: EIA | I22: Factor for converting pollutant amount between metric ton and short ton
B23: Assumptions | C23: Transit operating speed | D23: General | E23: 12.855342 | F23: Transit operating speed | G23: mile/hour | H23: FTA NTD (2024) | I23: Aggregated fixed-route transit operating speed; Exclude Demand Response, Vanpool, Aerial Tramway
B24: Assumptions | C24: Work hours per day | D24: General | E24: 8 | F24: Work hours per day | G24: hours/day
A27: Income & Wage
A28: ID | B28: Category Flag | C28: Parameter | D28: Geography designation | E28: Value | F28: Description | G28: Unit | H28: Source | I28: Notes
B29: Income & Wage | C29: Median household income (statewide) | D29: Statewide | E29: 85220 | F29: Median household income, households, statewide | G29: 2024$ | H29: ACS 1-year Estimate (2024)
B30: Income & Wage | C30: Median household income (urban) | D30: Urban | E30: 84466.067 | F30: Median household income, households, urban | G30: 2024$ | H30: SAIPE (2024)
B31: Income & Wage | C31: Median household income (rural) | D31: Rural | E31: 66013.095 | F31: Median household income, households, rural | G31: 2024$ | H31: SAIPE (2024)
B32: Income & Wage | C32: Median hourly wage (statewide) | D32: Statewide | E32: 25.67 | F32: Median hourly wage, all occupations, statewide | G32: 2024$ | H32: BLS OEWS (2024)
B33: Income & Wage | C33: Median hourly wage (urban) | D33: Urban | E33: 27.658509 | F33: Median hourly wage, all occupations, urban | G33: 2024$ | H33: BLS OEWS (2024)
B34: Income & Wage | C34: Median hourly wage (rural) | D34: Rural | E34: 22.967306 | F34: Median hourly wage, all occupations, rural | G34: 2024$ | H34: BLS OEWS (2024)
B35: Income & Wage | C35: Median hourly wage (Light Truck Drivers) | D35: General | E35: 21.98 | F35: Median hourly wage, Light Truck Drivers | G35: 2024$ | H35: BLS OEWS (2024)
B36: Income & Wage | C36: Median hourly wage (Heavy and Tractor-Trailer Truck Drivers) | D36: General | E36: 29.41 | F36: Median hourly wage, Heavy and Tractor-Trailer Truck Drivers | G36: 2024$ | H36: BLS OEWS (2024)
B37: Income & Wage | C37: Median hourly wage (Bus Drivers) | D37: General | E37: 30.24 | F37: Median hourly wage, Bus Drivers | G37: 2024$ | H37: BLS OEWS (2024)
B38: Income & Wage | C38: Median hourly wage (Subway and Streetcar Operators) | D38: General | E38: 40.78 | F38: Median hourly wage, Subway and Streetcar Operators | G38: 2024$ | H38: BLS OEWS (2024)
B39: Income & Wage | C39: Median hourly wage (Locomotive engineers) | D39: General | E39: 37.12 | F39: Median hourly wage, Locomotive engineers | G39: 2024$ | H39: BLS OEWS (2024)
B40: Income & Wage | C40: Average household income - lowest quintile (statewide) | D40: Statewide | E40: 18076 | F40: Average household income, lowest quintile, statewide | G40: 2024$/household/year | H40: ACS 5-year Estimate (2024)
... B44: Income & Wage | C44: Average household income - highest quintile (statewide) | D44: Statewide | E44: 277493 | F44: Average household income, highest quintile, statewide | G44: 2024$/household/year | H44: ACS 5-year Estimate (2024)
B45: Income & Wage | C45: Average household income - lowest quintile (urban) | D45: Urban | E45: 19893.732 | F45: Average household income, lowest quintile, urban | G45: 2024$/household/year | H45: ACS 5-year Estimate (2024) | I45: Average quintile income aggregated using number of households
B46: Income & Wage | C46: Average household income - second quintile (urban) | D46: Urban | E46: 54018.184 | F46: Average household income, second quintile, urban | G46: 2024$/household/year | H46: ACS 5-year Estimate (2024) | I46: Average quintile income aggregated using number of households
B47: Income & Wage | C47: Average household income - third quintile (urban) | D47: Urban | E47: 88576.547 | F47: Average household income, third quintile, urban | G47: 2024$/household/year | H47: ACS 5-year Estimate (2024) | I47: Average quintile income aggregated using number of households
B48: Income & Wage | C48: Average household income - fourth quintile (urban) | D48: Urban | E48: 135194.47 | F48: Average household income, fourth quintile, urban | G48: 2024$/household/year | H48: ACS 5-year Estimate (2024) | I48: Average quintile income aggregated using number of households
B49: Income & Wage | C49: Average household income - highest quintile (urban) | D49: Urban | E49: 284031.69 | F49: Average household income, highest quintile, urban | G49: 2024$/household/year | H49: ACS 5-year Estimate (2024) | I49: Average quintile income aggregated using number of households
B50: Income & Wage | C50: Average household income - lowest quintile (rural) | D50: Rural | E50: 14489.541 | F50: Average household income, lowest quintile, rural | G50: 2024$/household/year | H50: ACS 5-year Estimate (2024) | I50: Average quintile income aggregated using number of households
B51: Income & Wage | C51: Average household income - second quintile (rural) | D51: Rural | E51: 38796.361 | F51: Average household income, second quintile, rural | G51: 2024$/household/year | H51: ACS 5-year Estimate (2024) | I51: Average quintile income aggregated using number of households
B52: Income & Wage | C52: Average household income - third quintile (rural) | D52: Rural | E52: 64605.277 | F52: Average household income, third quintile, rural | G52: 2024$/household/year | H52: ACS 5-year Estimate (2024) | I52: Average quintile income aggregated using number of households
B53: Income & Wage | C53: Average household income - fourth quintile (rural) | D53: Rural | E53: 99678.794 | F53: Average household income, fourth quintile, rural | G53: 2024$/household/year | H53: ACS 5-year Estimate (2024) | I53: Average quintile income aggregated using number of households
B54: Income & Wage | C54: Average household income - highest quintile (rural) | D54: Rural | E54: 209274.32 | F54: Average household income, highest quintile, rural | G54: 2024$/household/year | H54: ACS 5-year Estimate (2024) | I54: Average quintile income aggregated using number of households
A57: Travel Pattern
A58: ID | B58: Category Flag | C58: Parameter | D58: Geography designation | E58: Value | F58: Description | G58: Unit | H58: Source | I58: Notes
B59: Travel Pattern | C59: Share of local travel by surface modes (personal) | D59: General | E59: 0.95 | F59: Trip share, local travel, personal travel | G59: % | H59: Oregon Travel Survey (2024)
B60: Travel Pattern | C60: Share of local travel by surface modes (business) | D60: General | E60: 0.05 | F60: Trip share, local travel, business travel | G60: % | H60: Oregon Travel Survey (2024)
B61: Travel Pattern | C61: Share of intercity travel by surface modes (personal) | D61: General | E61: 0.905 | F61: Trip share, intercity travel, personal travel | G61: % | H61: Oregon Travel Survey (2024)
B62: Travel Pattern | C62: Share of intercity travel by surface modes (business) | D62: General | E62: 0.095 | F62: Trip share, intercity travel, business travel | G62: % | H62: Oregon Travel Survey (2024)
B63: Travel Pattern | C63: Automobile mode share (personal) | D63: General | E63: 0.867 | F63: Mode share, automobile, personal travel | G63: % | H63: Oregon Travel Survey (2024)
B64: Travel Pattern | C64: Walk mode share (personal) | D64: General | E64: 0.077 | F64: Mode share, walk, personal travel | G64: % | H64: Oregon Travel Survey (2024)
B65: Travel Pattern | C65: Bike mode share (personal) | D65: General | E65: 0.017 | F65: Mode share, bike, personal travel | G65: % | H65: Oregon Travel Survey (2024)
B66: Travel Pattern | C66: Micromobility mode share (personal) | D66: General | E66: 0.001 | F66: Mode share, micromobility, personal travel | G66: % | H66: Oregon Travel Survey (2024)
B67: Travel Pattern | C67: Automobile mode share (business) | D67: General | E67: 0.895 | F67: Mode share, automobile, business travel | G67: % | H67: Oregon Travel Survey (2024)
B68: Travel Pattern | C68: Walk mode share (business) | D68: General | E68: 0.046 | F68: Mode share, walk, business travel | G68: % | H68: Oregon Travel Survey (2024)
B69: Travel Pattern | C69: Bike mode share (business) | D69: General | E69: 0.007 | F69: Mode share, bike, business travel | G69: % | H69: Oregon Travel Survey (2024)
B70: Travel Pattern | C70: Micromobility mode share (business) | D70: General | E70: 0.0005 | F70: Mode share, micromobility, business travel | G70: % | H70: Oregon Travel Survey (2024)
... B84: Travel Pattern | C84: Annual commute trips per employed worker (bike) | D84: General | E84: 400.86837 | F84: Annual commute trips per employed worker, bike | G84: trips/worker/year | H84: Oregon Travel Survey (2024)
A87: Vehicle Occupancy
A88: ID | B88: Category Flag | C88: Parameter | D88: Geography designation | E88: Value | F88: Description | G88: Unit | H88: Source | I88: Notes
B89: Vehicle Occupancy | C89: Vehicle occupancy (statewide) | D89: Statewide | E89: 1.4 | F89: VOR | G89: persons/vehicle | H89: Oregon Travel Survey (2024)
B90: Vehicle Occupancy | C90: Vehicle occupancy (urban) | D90: Urban | E90: 1.391 | F90: VOR, urban | G90: persons/vehicle | H90: Oregon Travel Survey (2024)
B91: Vehicle Occupancy | C91: Vehicle occupancy (rural) | D91: Rural | E91: 1.397 | F91: VOR, rural | G91: persons/vehicle | H91: Oregon Travel Survey (2024)
B92: Vehicle Occupancy | C92: Vehicle occupancy - Weekday peak (statewide) | D92: Statewide | E92: 1.427 | F92: VOR, weekday, peak | G92: persons/vehicle | H92: Oregon Travel Survey (2024)
B93: Vehicle Occupancy | C93: Vehicle occupancy - Weekday off-peak (statewide) | D93: Statewide | E93: 1.383 | F93: VOR, weekday, off-peak | G93: persons/vehicle | H93: Oregon Travel Survey (2024)
B94: Vehicle Occupancy | C94: Vehicle occupancy - Weekday peak (urban) | D94: Urban | E94: 1.42 | F94: VOR, weekday, peak, urban | G94: persons/vehicle | H94: Oregon Travel Survey (2024)
B95: Vehicle Occupancy | C95: Vehicle occupancy - Weekday peak (rural) | D95: Rural | E95: 1.43 | F95: VOR, weekday, peak, rural | G95: persons/vehicle | H95: Oregon Travel Survey (2024)
B96: Vehicle Occupancy | C96: Vehicle occupancy - Weekday off-peak (urban) | D96: Urban | E96: 1.37 | F96: VOR, weekday, off-peak, urban | G96: persons/vehicle | H96: Oregon Travel Survey (2024)
B97: Vehicle Occupancy | C97: Vehicle occupancy - Weekday off-peak (rural) | D97: Rural | E97: 1.38 | F97: VOR, weekday, off-peak, rural | G97: persons/vehicle | H97: Oregon Travel Survey (2024)
B98: Vehicle Occupancy | C98: Vehicle occupancy - Weekend | D98: General | E98: 1.81 | F98: VOR, weekend | G98: persons/vehicle | H98: USDOT BCA Guidance (2024)
A101: Vehicle fleet
A102: ID | B102: Category Flag | C102: Parameter | D102: Geography designation | E102: Value | F102: Description | G102: Unit | H102: Source | I102: Notes
B103: Vehicle fleet | C103: Vehicle fleet share - gasoline (statewide) | D103: Statewide | E103: 0.88380731 | F103: Vehicle fleet share, gasoline, statewide | G103: % | H103: Oregon DMV (2024) | I103: Registration-based proxy; Oregon ZIPs only; Other and Not Applicable fuel type excluded; supported fuel shares normalized to 100%.
B104: Vehicle fleet | C104: Vehicle fleet share - diesel (statewide) | D104: Statewide | E104: 0.087362435 | F104: Vehicle fleet share, diesel, statewide | G104: % | H104: Oregon DMV (2024) | I104: Registration-based proxy; Oregon ZIPs only; Other and Not Applicable fuel type excluded; supported fuel shares normalized to 100%.
B105: Vehicle fleet | C105: Vehicle fleet share - electric (statewide) | D105: Statewide | E105: 0.028830259 | F105: Vehicle fleet share, electric, statewide | G105: % | H105: Oregon DMV (2024) | I105: Registration-based proxy; Oregon ZIPs only; Other and Not Applicable fuel type excluded; supported fuel shares normalized to 100%.
B106: Vehicle fleet | C106: Vehicle fleet share - gasoline (urban) | D106: Urban | E106: 0.89814547 | F106: Vehicle fleet share, gasoline, urban | G106: % | H106: Oregon DMV (2024) | I106: Registration-based proxy; Oregon ZIPs only; Other and Not Applicable fuel type excluded; supported fuel shares normalized to 100%.
B107: Vehicle fleet | C107: Vehicle fleet share - diesel (urban) | D107: Urban | E107: 0.061913645 | F107: Vehicle fleet share, diesel, urban | G107: % | H107: Oregon DMV (2024) | I107: Registration-based proxy; Oregon ZIPs only; Other and Not Applicable fuel type excluded; supported fuel shares normalized to 100%.
B108: Vehicle fleet | C108: Vehicle fleet share - electric (urban) | D108: Urban | E108: 0.039940881 | F108: Vehicle fleet share, electric, urban | G108: % | H108: Oregon DMV (2024) | I108: Registration-based proxy; Oregon ZIPs only; Other and Not Applicable fuel type excluded; supported fuel shares normalized to 100%.
B109: Vehicle fleet | C109: Vehicle fleet share - gasoline (rural) | D109: Rural | E109: 0.86316246 | F109: Vehicle fleet share, gasoline, rural | G109: % | H109: Oregon DMV (2024) | I109: Registration-based proxy; Oregon ZIPs only; Other and Not Applicable fuel type excluded; supported fuel shares normalized to 100%.
B110: Vehicle fleet | C110: Vehicle fleet share - diesel (rural) | D110: Rural | E110: 0.12400494 | F110: Vehicle fleet share, diesel, rural | G110: % | H110: Oregon DMV (2024) | I110: Registration-based proxy; Oregon ZIPs only; Other and Not Applicable fuel type excluded; supported fuel shares normalized to 100%.
B111: Vehicle fleet | C111: Vehicle fleet share - electric (rural) | D111: Rural | E111: 0.0128326 | F111: Vehicle fleet share, electric, rural | G111: % | H111: Oregon DMV (2024) | I111: Registration-based proxy; Oregon ZIPs only; Other and Not Applicable fuel type excluded; supported fuel shares normalized to 100%.
A114: Value of Travel Time
A115: ID | B115: Category Flag | C115: Parameter | D115: Geography designation | E115: Value | F115: Description | G115: Unit | H115: Source | I115: Notes
B116: Value of Travel Time | C116: Local travel VOTT (personal) | D116: Statewide | E116: =$E$29/$E$9*$E$12 -> 20.485577 | F116: Value of travel time, local travel, personal travel, statewide | G116: 2024$/person-hour | H116: Calculated (ACS 1-year Estimate (2024), USDOT BCA Guidance (2024)) | I116: (Median household income/work hours)*VOTT estimation factor
B117: Value of Travel Time | C117: Local travel VOTT (business) | D117: Statewide | E117: =$E$32*$E$10*$E$14 -> 37.2215 | F117: Value of travel time, local travel, business travel, statewide | G117: 2024$/person-hour | H117: Calculated (ACS 1-year Estimate (2024), USDOT BCA Guidance (2024)) | I117: Median hourly wage*ECEC*VOTT estimation factor
B118: Value of Travel Time | C118: Local travel VOTT (all purposes) | D118: Statewide | E118: =$E$116*$E$59+$E$117*$E$60 -> 21.322373 | F118: Value of travel time, local travel, all travel, statewide | G118: 2024$/person-hour | H118: Calculated (ACS 1-year Estimate (2024), USDOT BCA Guidance (2024)) | I118: Average value of local travel by surface modes share
B119: Value of Travel Time | C119: Intercity travel VOTT (personal) | D119: Statewide | E119: =$E$29/$E$9*$E$13 -> 28.679808 | F119: Value of travel time, intercity travel, personal travel, statewide | G119: 2024$/person-hour | H119: Calculated (ACS 1-year Estimate (2024), USDOT BCA Guidance (2024)) | I119: (Median household income/work hours)*VOTT estimation factor
B120: Value of Travel Time | C120: Intercity travel VOTT (business) | D120: Statewide | E120: =$E$32*$E$10*$E$14 -> 37.2215 | F120: Value of travel time, intercity travel, business travel, statewide | G120: 2024$/person-hour | H120: Calculated (ACS 1-year Estimate (2024), USDOT BCA Guidance (2024)) | I120: Median hourly wage*ECEC*VOTT estimation factor
B121: Value of Travel Time | C121: Intercity travel VOTT (all purposes) | D121: Statewide | E121: =$E$119*$E$61+$E$120*E62 -> 29.491268 | F121: Value of travel time, intercity travel, all travel, statewide | G121: 2024$/person-hour | H121: Calculated (ACS 1-year Estimate (2024), USDOT BCA Guidance (2024)) | I121: Average value of intercity travel by surface modes share
B122: Value of Travel Time | C122: Local travel VOTT (personal) - urban | D122: Urban | E122: =$E$30/$E$9*$E$12 -> 20.304343 | F122: Value of travel time, local travel, personal travel, urban | G122: 2024$/person-hour | H122: Calculated (ACS 1-year Estimate (2024), USDOT BCA Guidance (2024))
B123: Value of Travel Time | C123: Local travel VOTT (personal) - rural | D123: Rural | E123: =$E$31/$E$9*$E$12 -> 15.868533 | F123: Value of travel time, local travel, personal travel, rural | G123: 2024$/person-hour | H123: Calculated (ACS 1-year Estimate (2024), USDOT BCA Guidance (2024))
B124: Value of Travel Time | C124: Local travel VOTT (business) - urban | D124: Urban | E124: =$E$33*$E$10*$E$14 -> 40.104838 | F124: Value of travel time, local travel, business travel, urban | G124: 2024$/person-hour | H124: Calculated (ACS 1-year Estimate (2024), USDOT BCA Guidance (2024))
B125: Value of Travel Time | C125: Local travel VOTT (business) - rural | D125: Rural | E125: =$E$34*$E$10*$E$14 -> 33.302593 | F125: Value of travel time, local travel, business travel, rural | G125: 2024$/person-hour | H125: Calculated (ACS 1-year Estimate (2024), USDOT BCA Guidance (2024))
B126: Value of Travel Time | C126: Local travel VOTT (all purposes) - urban | D126: Urban | E126: =$E$122*$E$59+$E$124*$E$60 -> 21.294368 | F126: Value of travel time, local travel, all travel, urban | G126: 2024$/person-hour | H126: Calculated (ACS 1-year Estimate (2024), USDOT BCA Guidance (2024))
B127: Value of Travel Time | C127: Local travel VOTT (all purposes) - rural | D127: Rural | E127: =$E$123*$E$59+$E$125*$E$60 -> 16.740236 | F127: Value of travel time, local travel, all travel, rural | G127: 2024$/person-hour | H127: Calculated (ACS 1-year Estimate (2024), USDOT BCA Guidance (2024))
...

Sheet Travel Time Savings
A1: Travel Time Savings
A3: Calculation summary
A4: Steady-state annual benefit | B4: =SUM($I$11:$I$14) -> -165863.91
A5: First operating-year benefit | B5: =IFERROR(INDEX($F$38:$F$88,MATCH(Baseline!$B$8,$A$38:$A$88,0)),0) -> -132691.12
A6: Present value - total | B6: =SUM($H$38:$H$88) -> -2175004.1
A9: Mode-level calculation
A10: Mode | B10: Annual mileage change | C10: Mileage unit | D10: Time basis | E10: Mileage-derived time savings | F10: Direct/additional time | G10: Total time savings | H10: Applicable VOTT | I10: Annual benefit
A11: Automobile | B11: ='Scenario Inputs'!$B$11 -> 0 | C11: vehicle-miles/year | D11: ='Scenario Inputs'!$B$24 -> Mileage-derived | E11: =-$B$33*$B$27/(60*$B$26) -> 0 | F11: ='Scenario Inputs'!C24 -> 0 | G11: =IF(D11="Mileage-derived",E11,IF(D11="Mileage + additional",E11+F11,F11)) -> 0 | H11: =$B$23 -> 21.322373 | I11: =G11*H11 -> 0
A12: Transit | B12: ='Scenario Inputs'!$B$12 -> 100000 | C12: passenger-miles/year | D12: ='Scenario Inputs'!$B$25 -> Mileage-derived | E12: =-B12/$B$28 -> -7778.8671 | F12: ='Scenario Inputs'!C25 -> 0 | G12: =IF(D12="Mileage-derived",E12,IF(D12="Mileage + additional",E12+F12,F12)) -> -7778.8671 | H12: =$B$23 -> 21.322373 | I12: =G12*H12 -> -165863.91
A13: Walking | B13: ='Scenario Inputs'!$B$13 -> 0 | C13: person-miles/year | D13: ='Scenario Inputs'!$B$26 -> Mileage-derived | E13: =-B13*$B$30/(60*$B$29) -> 0 | F13: ='Scenario Inputs'!C26 -> 0 | G13: =IF(D13="Mileage-derived",E13,IF(D13="Mileage + additional",E13+F13,F13)) -> 0 | H13: =$B$24 -> 21.322373 | I13: =G13*H13 -> 0
A14: Cycling | B14: ='Scenario Inputs'!$B$14 -> 0 | C14: person-miles/year | D14: ='Scenario Inputs'!$B$27 -> Mileage-derived | E14: =-B14*$B$32/(60*$B$31) -> 0 | F14: ='Scenario Inputs'!C27 -> 0 | G14: =IF(D14="Mileage-derived",E14,IF(D14="Mileage + additional",E14+F14,F14)) -> 0 | H14: =$B$24 -> 21.322373 | I14: =G14*H14 -> 0
A17: Internal parameter linkage
A18: Helper | B18: Value | D18: Occupancy | E18: Local personal | F18: Local business | G18: Local all | H18: Intercity personal | I18: Intercity business | J18: Intercity all | K18: Active VOTT
A19: Geography index | B19: =MATCH('Scenario Inputs'!$B$7,{"Statewide","Urban","Rural"},0) -> 1 | D19: ='Parameter Library'!$E$89 -> 1.4 | E19: ='Parameter Library'!$E$116 -> 20.485577 | F19: ='Parameter Library'!$E$117 -> 37.2215 | G19: ='Parameter Library'!$E$118 -> 21.322373 | H19: ='Parameter Library'!$E$119 -> 28.679808 | I19: ='Parameter Library'!$E$120 -> 37.2215 | J19: ='Parameter Library'!$E$121 -> 29.491268 | K19: ='Parameter Library'!$E$139 -> 21.322373
A20: Scope index | B20: =MATCH('Scenario Inputs'!$B$21,{"Local","Intercity"},0) -> 1 | D20: ='Parameter Library'!$E$90 -> 1.391 | E20: ='Parameter Library'!$E$122 -> 20.304343 | F20: ='Parameter Library'!$E$124 -> 40.104838 | G20: ='Parameter Library'!$E$126 -> 21.294368 | H20: ='Parameter Library'!$E$128 -> 28.42608 | I20: ='Parameter Library'!$E$130 -> 40.104838 | J20: ='Parameter Library'!$E$132 -> 29.535562 | K20: ='Parameter Library'!$E$140 -> 21.294368
A21: Purpose index | B21: =MATCH('Scenario Inputs'!$E$21,{"Personal","Business","All purposes"},0) -> 3 | D21: ='Parameter Library'!$E$91 -> 1.397 | E21: ='Parameter Library'!$E$123 -> 15.868533 | F21: ='Parameter Library'!$E$125 -> 33.302593 | G21: ='Parameter Library'!$E$127 -> 16.740236 | H21: ='Parameter Library'!$E$129 -> 22.215946 | I21: ='Parameter Library'!$E$131 -> 33.302593 | J21: ='Parameter Library'!$E$133 -> 23.269177 | K21: ='Parameter Library'!$E$141 -> 16.740236
A22: VOTT column index | B22: =B21+IF(B20=2,3,0) -> 3
A23: Selected regular VOTT | B23: =INDEX(E19:J21,B19,B22) -> 21.322373
A24: Selected active-time VOTT | B24: =INDEX(K19:K21,B19) -> 21.322373
A25: Selected vehicle occupancy | B25: =INDEX(D19:D21,B19) -> 1.4
A26: Auto ATL | B26: ='Parameter Library'!$E$75 -> 7.6573128
A27: Auto ATD | B27: ='Parameter Library'!$E$78 -> 20.644071
A28: Transit operating speed | B28: ='Parameter Library'!$E$23 -> 12.855342
A29: Walk ATL | B29: ='Parameter Library'!$E$76 -> 0.69900354
A30: Walk ATD | B30: ='Parameter Library'!$E$79 -> 20.708102
A31: Bike ATL | B31: ='Parameter Library'!$E$77 -> 2.5293018
A32: Bike ATD | B32: ='Parameter Library'!$E$80 -> 23.083785
A33: Auto person-mile change | B33: ='Scenario Inputs'!$B$11*B25 -> 0
A36: Annual benefit stream
A37: Calendar year | B37: Analysis year | C37: Operating? | D37: Realization | E37: Growth factor | F37: Annual benefit | G37: Discount factor | H37: PV benefit
A38: =Baseline!A31 -> 2027 | B38: =Baseline!B31 -> 0 | C38: =Baseline!C31 -> 1 | D38: =Baseline!D31 -> 0.8 | E38: =IF(C38=1,(1+Baseline!$B$9)^(A38-Baseline!$B$8),0) -> 1 | F38: =$B$4*D38*E38 -> -132691.12 | G38: =Baseline!F31 -> 1 | H38: =F38*G38 -> -132691.12
A39: =Baseline!A32 -> 2028 | B39: =Baseline!B32 -> 1 | C39: =Baseline!C32 -> 1 | D39: =Baseline!D32 -> 0.9 | E39: =IF(C39=1,(1+Baseline!$B$9)^(A39-Baseline!$B$8),0) -> 1 | F39: =$B$4*D39*E39 -> -149277.51 | G39: =Baseline!F32 -> 0.93457944 | H39: =F39*G39 -> -139511.7
A40: =Baseline!A33 -> 2029 | B40: =Baseline!B33 -> 2 | C40: =Baseline!C33 -> 1 | D40: =Baseline!D33 -> 1 | E40: =IF(C40=1,(1+Baseline!$B$9)^(A40-Baseline!$B$8),0) -> 1 | F40: =$B$4*D40*E40 -> -165863.91 | G40: =Baseline!F33 -> 0.87343873 | H40: =F40*G40 -> -144871.96
A41: =Baseline!A34 -> 2030 | B41: =Baseline!B34 -> 3 | C41: =Baseline!C34 -> 1 | D41: =Baseline!D34 -> 1 | E41: =IF(C41=1,(1+Baseline!$B$9)^(A41-Baseline!$B$8),0) -> 1 | F41: =$B$4*D41*E41 -> -165863.91 | G41: =Baseline!F34 -> 0.81629788 | H41: =F41*G41 -> -135394.35
A42: =Baseline!A35 -> 2031 | B42: =Baseline!B35 -> 4 | C42: =Baseline!C35 -> 1 | D42: =Baseline!D35 -> 1 | E42: =IF(C42=1,(1+Baseline!$B$9)^(A42-Baseline!$B$8),0) -> 1 | F42: =$B$4*D42*E42 -> -165863.91 | G42: =Baseline!F35 -> 0.76289521 | H42: =F42*G42 -> -126536.78
A43: =Baseline!A36 -> 2032 | B43: =Baseline!B36 -> 5 | C43: =Baseline!C36 -> 1 | D43: =Baseline!D36 -> 1 | E43: =IF(C43=1,(1+Baseline!$B$9)^(A43-Baseline!$B$8),0) -> 1 | F43: =$B$4*D43*E43 -> -165863.91 | G43: =Baseline!F36 -> 0.71298618 | H43: =F43*G43 -> -118258.67
A44: =Baseline!A37 -> 2033 | B44: =Baseline!B37 -> 6 | C44: =Baseline!C37 -> 1 | D44: =Baseline!D37 -> 1 | E44: =IF(C44=1,(1+Baseline!$B$9)^(A44-Baseline!$B$8),0) -> 1 | F44: =$B$4*D44*E44 -> -165863.91 | G44: =Baseline!F37 -> 0.66634222 | H44: =F44*G44 -> -110522.12
A45: =Baseline!A38 -> 2034 | B45: =Baseline!B38 -> 7 | C45: =Baseline!C38 -> 1 | D45: =Baseline!D38 -> 1 | E45: =IF(C45=1,(1+Baseline!$B$9)^(A45-Baseline!$B$8),0) -> 1 | F45: =$B$4*D45*E45 -> -165863.91 | G45: =Baseline!F38 -> 0.62274974 | H45: =F45*G45 -> -103291.7
A46: =Baseline!A39 -> 2035 | B46: =Baseline!B39 -> 8 | C46: =Baseline!C39 -> 1 | D46: =Baseline!D39 -> 1 | E46: =IF(C46=1,(1+Baseline!$B$9)^(A46-Baseline!$B$8),0) -> 1 | F46: =$B$4*D46*E46 -> -165863.91 | G46: =Baseline!F39 -> 0.5820091 | H46: =F46*G46 -> -96534.303
A47: =Baseline!A40 -> 2036 | B47: =Baseline!B40 -> 9 | C47: =Baseline!C40 -> 1 | D47: =Baseline!D40 -> 1 | E47: =IF(C47=1,(1+Baseline!$B$9)^(A47-Baseline!$B$8),0) -> 1 | F47: =$B$4*D47*E47 -> -165863.91 | G47: =Baseline!F40 -> 0.54393374 | H47: =F47*G47 -> -90218.975
A48: =Baseline!A41 -> 2037 | B48: =Baseline!B41 -> 9 | C48: =Baseline!C41 -> 1 | D48: =Baseline!D41 -> 1 | E48: =IF(C48=1,(1+Baseline!$B$9)^(A48-Baseline!$B$8),0) -> 1 | F48: =$B$4*D48*E48 -> -165863.91 | G48: =Baseline!F41 -> 0.54393374 | H48: =F48*G48 -> -90218.975
A49: =Baseline!A42 -> 2038 | B49: =Baseline!B42 -> 10 | C49: =Baseline!C42 -> 1 | D49: =Baseline!D42 -> 1 | E49: =IF(C49=1,(1+Baseline!$B$9)^(A49-Baseline!$B$8),0) -> 1 | F49: =$B$4*D49*E49 -> -165863.91 | G49: =Baseline!F42 -> 0.50834929 | H49: =F49*G49 -> -84316.799
... A88: =Baseline!A81 -> 2077 | B88: =Baseline!B81 -> 50 | C88: =Baseline!C81 -> 0 | D88: =Baseline!D81 -> 0 | E88: =IF(C88=1,(1+Baseline!$B$9)^(A88-Baseline!$B$8),0) -> 0 | F88: =$B$4*D88*E88 -> 0 | G88: =Baseline!F81 -> 0 | H88: =F88*G88 -> 0

Sheet Safety
A1: Safety
A3: Calculation summary
A4: Steady-state annual benefit | B4: =SUM($F$11:$F$13) -> 0
A5: First operating-year benefit | B5: =IFERROR(INDEX($F$35:$F$85,MATCH(Baseline!$B$8,$A$35:$A$85,0)),0) -> 0
A6: Present value - total | B6: =SUM($H$35:$H$85) -> 0
A9: Safety calculation
A10: Severity | B10: Crash rate | C10: VMT change | D10: Avoided crashes | E10: Monetized value | F10: Annual benefit
A11: Fatal / serious | B11: =$B$21 -> 0.013076265 | C11: =$B$20 -> 0 | D11: =-C11*B11/1000000 -> 0 | E11: =$B$24 -> 4560121.6 | F11: =D11*E11 -> 0
A12: Moderate / minor injury | B12: =$B$22 -> 0.67646272 | C12: =$B$20 -> 0 | D12: =-C12*B12/1000000 -> 0 | E12: =$B$25 -> 187285.35 | F12: =D12*E12 -> 0
A13: PDO | B13: =$B$23 -> 0.60509145 | C13: =$B$20 -> 0 | D13: =-C13*B13/1000000 -> 0 | E13: =$B$26 -> 27670 | F13: =D13*E13 -> 0
A16: Internal parameter linkage
A17: Helper | B17: Value | D17: Fatal rate | E17: Injury rate | F17: PDO rate
A18: Geography index | B18: =MATCH('Scenario Inputs'!$B$7,{"Statewide","Urban","Rural"},0) -> 1 | D18: ='Parameter Library'!$E$162 -> 0.013076265 | E18: ='Parameter Library'!$E$163 -> 0.67646272 | F18: ='Parameter Library'!$E$164 -> 0.60509145
A19: Facility index | B19: =MATCH('Scenario Inputs'!$B$30,{"Interstate","Other State Highway","Off System"},0) -> 1 | D19: ='Parameter Library'!$E$165 -> 0.009999822 | E19: ='Parameter Library'!$E$166 -> 0.87781243 | F19: ='Parameter Library'!$E$167 -> 0.77125324
A20: Annual VMT change | B20: ='Scenario Inputs'!$B$11 -> 0 | D20: ='Parameter Library'!$E$168 -> 0.017518062 | E20: ='Parameter Library'!$E$169 -> 0.38546273 | F20: ='Parameter Library'!$E$170 -> 0.36493784
A21: Fatal crash rate | B21: =INDEX($D$18:$F$20,$B$18,1) -> 0.013076265
A22: Injury crash rate | B22: =INDEX($D$18:$F$20,$B$18,2) -> 0.67646272 | D22: Fatal Interstate | E22: Fatal Other SH | F22: Fatal Off System
A23: PDO crash rate | B23: =INDEX($D$18:$F$20,$B$18,3) -> 0.60509145 | D23: ='Parameter Library'!$E$190 -> 4560121.6 | E23: ='Parameter Library'!$E$191 -> 4794802 | F23: ='Parameter Library'!$E$192 -> 3472276.9
A24: Fatal/serious value | B24: =INDEX(D23:F25,$B$18,$B$19) -> 4560121.6 | D24: ='Parameter Library'!$E$196 -> 4065265 | E24: ='Parameter Library'!$E$197 -> 3783234 | F24: ='Parameter Library'!$E$198 -> 2842652
A25: Moderate/minor value | B25: =INDEX(D28:F30,$B$18,$B$19) -> 187285.35 | D25: ='Parameter Library'!$E$202 -> 4879384 | E25: ='Parameter Library'!$E$203 -> 5236944 | F25: ='Parameter Library'!$E$204 -> 4460641
A26: PDO value | B26: ='Parameter Library'!$E$186 -> 27670
D27: Injury Interstate | E27: Injury Other SH | F27: Injury Off System
D28: ='Parameter Library'!$E$187 -> 187285.35 | E28: ='Parameter Library'!$E$188 -> 195584.99 | F28: ='Parameter Library'!$E$189 -> 193734.14
D29: ='Parameter Library'!$E$193 -> 181189 | E29: ='Parameter Library'!$E$194 -> 186928 | F29: ='Parameter Library'!$E$195 -> 189285
D30: ='Parameter Library'!$E$199 -> 205784 | E30: ='Parameter Library'!$E$200 -> 213163 | F30: ='Parameter Library'!$E$201 -> 216033
A33: Annual benefit stream
A34: Calendar year | B34: Analysis year | C34: Operating? | D34: Realization | E34: Growth factor | F34: Annual benefit | G34: Discount factor | H34: PV benefit
A35: =Baseline!A31 -> 2027 | B35: =Baseline!B31 -> 0 | C35: =Baseline!C31 -> 1 | D35: =Baseline!D31 -> 0.8 | E35: =IF(C35=1,(1+Baseline!$B$9)^(A35-Baseline!$B$8),0) -> 1 | F35: =$B$4*D35*E35 -> 0 | G35: =Baseline!F31 -> 1 | H35: =F35*G35 -> 0
A36: =Baseline!A32 -> 2028 | B36: =Baseline!B32 -> 1 | C36: =Baseline!C32 -> 1 | D36: =Baseline!D32 -> 0.9 | E36: =IF(C36=1,(1+Baseline!$B$9)^(A36-Baseline!$B$8),0) -> 1 | F36: =$B$4*D36*E36 -> 0 | G36: =Baseline!F32 -> 0.93457944 | H36: =F36*G36 -> 0
A37: =Baseline!A33 -> 2029 | B37: =Baseline!B33 -> 2 | C37: =Baseline!C33 -> 1 | D37: =Baseline!D33 -> 1 | E37: =IF(C37=1,(1+Baseline!$B$9)^(A37-Baseline!$B$8),0) -> 1 | F37: =$B$4*D37*E37 -> 0 | G37: =Baseline!F33 -> 0.87343873 | H37: =F37*G37 -> 0
A38: =Baseline!A34 -> 2030 | B38: =Baseline!B34 -> 3 | C38: =Baseline!C34 -> 1 | D38: =Baseline!D34 -> 1 | E38: =IF(C38=1,(1+Baseline!$B$9)^(A38-Baseline!$B$8),0) -> 1 | F38: =$B$4*D38*E38 -> 0 | G38: =Baseline!F34 -> 0.81629788 | H38: =F38*G38 -> 0
A39: =Baseline!A35 -> 2031 | B39: =Baseline!B35 -> 4 | C39: =Baseline!C35 -> 1 | D39: =Baseline!D35 -> 1 | E39: =IF(C39=1,(1+Baseline!$B$9)^(A39-Baseline!$B$8),0) -> 1 | F39: =$B$4*D39*E39 -> 0 | G39: =Baseline!F35 -> 0.76289521 | H39: =F39*G39 -> 0
A40: =Baseline!A36 -> 2032 | B40: =Baseline!B36 -> 5 | C40: =Baseline!C36 -> 1 | D40: =Baseline!D36 -> 1 | E40: =IF(C40=1,(1+Baseline!$B$9)^(A40-Baseline!$B$8),0) -> 1 | F40: =$B$4*D40*E40 -> 0 | G40: =Baseline!F36 -> 0.71298618 | H40: =F40*G40 -> 0
A41: =Baseline!A37 -> 2033 | B41: =Baseline!B37 -> 6 | C41: =Baseline!C37 -> 1 | D41: =Baseline!D37 -> 1 | E41: =IF(C41=1,(1+Baseline!$B$9)^(A41-Baseline!$B$8),0) -> 1 | F41: =$B$4*D41*E41 -> 0 | G41: =Baseline!F37 -> 0.66634222 | H41: =F41*G41 -> 0
A42: =Baseline!A38 -> 2034 | B42: =Baseline!B38 -> 7 | C42: =Baseline!C38 -> 1 | D42: =Baseline!D38 -> 1 | E42: =IF(C42=1,(1+Baseline!$B$9)^(A42-Baseline!$B$8),0) -> 1 | F42: =$B$4*D42*E42 -> 0 | G42: =Baseline!F38 -> 0.62274974 | H42: =F42*G42 -> 0
A43: =Baseline!A39 -> 2035 | B43: =Baseline!B39 -> 8 | C43: =Baseline!C39 -> 1 | D43: =Baseline!D39 -> 1 | E43: =IF(C43=1,(1+Baseline!$B$9)^(A43-Baseline!$B$8),0) -> 1 | F43: =$B$4*D43*E43 -> 0 | G43: =Baseline!F39 -> 0.5820091 | H43: =F43*G43 -> 0
A44: =Baseline!A40 -> 2036 | B44: =Baseline!B40 -> 9 | C44: =Baseline!C40 -> 1 | D44: =Baseline!D40 -> 1 | E44: =IF(C44=1,(1+Baseline!$B$9)^(A44-Baseline!$B$8),0) -> 1 | F44: =$B$4*D44*E44 -> 0 | G44: =Baseline!F40 -> 0.54393374 | H44: =F44*G44 -> 0
A45: =Baseline!A41 -> 2037 | B45: =Baseline!B41 -> 9 | C45: =Baseline!C41 -> 1 | D45: =Baseline!D41 -> 1 | E45: =IF(C45=1,(1+Baseline!$B$9)^(A45-Baseline!$B$8),0) -> 1 | F45: =$B$4*D45*E45 -> 0 | G45: =Baseline!F41 -> 0.54393374 | H45: =F45*G45 -> 0
A46: =Baseline!A42 -> 2038 | B46: =Baseline!B42 -> 10 | C46: =Baseline!C42 -> 1 | D46: =Baseline!D42 -> 1 | E46: =IF(C46=1,(1+Baseline!$B$9)^(A46-Baseline!$B$8),0) -> 1 | F46: =$B$4*D46*E46 -> 0 | G46: =Baseline!F42 -> 0.50834929 | H46: =F46*G46 -> 0
... A85: =Baseline!A81 -> 2077 | B85: =Baseline!B81 -> 50 | C85: =Baseline!C81 -> 0 | D85: =Baseline!D81 -> 0 | E85: =IF(C85=1,(1+Baseline!$B$9)^(A85-Baseline!$B$8),0) -> 0 | F85: =$B$4*D85*E85 -> 0 | G85: =Baseline!F81 -> 0 | H85: =F85*G85 -> 0

Sheet VOC
A1: VOC
A3: Calculation summary
A4: Steady-state annual benefit | B4: =-SUM($F$11:$F$15) -> -279229.92
A5: First operating-year benefit | B5: =IFERROR(INDEX($F$39:$F$89,MATCH(Baseline!$B$8,$A$39:$A$89,0)),0) -> -223383.94
A6: Present value - total | B6: =SUM($H$39:$H$89) -> -3661593.7
A9: VOC calculation
A10: Fuel type | B10: Fleet share | C10: VMT change | D10: Fuel economy | E10: Unit operating cost | F10: Cost change
A11: Gasoline | B11: =$B$23 -> 0.88380731 | C11: =$B$22*B11 -> 0 | D11: =$B$26 -> 23.234964 | E11: =$B$28/D11 -> 0.13716397 | F11: =C11*E11 -> 0
A12: Diesel | B12: =$B$24 -> 0.087362435 | C12: =$B$22*B12 -> 0 | D12: =$B$27 -> 24.230769 | E12: =$B$29/D12 -> 0.13565397 | F12: =C12*E12 -> 0
A13: Electric | B13: =$B$25 -> 0.028830259 | C13: =$B$22*B13 -> 0 | E13: =$B$30 -> 0.473 | F13: =C13*E13 -> 0
A14: Common automobile non-fuel cost | F14: =$B$32 -> 0
A15: Transit operating cost | C15: =B33 -> 100000 | E15: =B34 -> 2.7922992 | F15: =C15*E15 -> 279229.92
A18: Internal parameter linkage
A19: Helper | B19: Value | D19: Gas share | E19: Diesel share | F19: EV share
A20: Geography index | B20: =MATCH('Scenario Inputs'!$B$7,{"Statewide","Urban","Rural"},0) -> 1 | D20: ='Parameter Library'!$E$103 -> 0.88380731 | E20: ='Parameter Library'!$E$104 -> 0.087362435 | F20: ='Parameter Library'!$E$105 -> 0.028830259
A21: Fuel-economy vehicle type index | B21: =MATCH('Scenario Inputs'!$D$30,{"Passenger vehicle","Motorcycle","Truck"},0) -> 1 | D21: ='Parameter Library'!$E$106 -> 0.89814547 | E21: ='Parameter Library'!$E$107 -> 0.061913645 | F21: ='Parameter Library'!$E$108 -> 0.039940881
A22: Annual VMT change | B22: ='Scenario Inputs'!$B$11 -> 0 | D22: ='Parameter Library'!$E$109 -> 0.86316246 | E22: ='Parameter Library'!$E$110 -> 0.12400494 | F22: ='Parameter Library'!$E$111 -> 0.0128326
A23: Gas share | B23: =INDEX(D20:F22,B20,1) -> 0.88380731
A24: Diesel share | B24: =INDEX(D20:F22,B20,2) -> 0.087362435 | D24: Gas mpg | E24: Diesel mpg | F24: Gas mpg | G24: Diesel mpg
A25: EV share | B25: =INDEX(D20:F22,B20,3) -> 0.028830259 | D25: Statewide | E25: Passenger vehicle | F25: ='Parameter Library'!$E$224 -> 23.234964 | G25: ='Parameter Library'!$E$225 -> 24.230769
A26: Gas mpg | B26: =INDEX(F25:F33,(B20-1)*3+B21) -> 23.234964 | D26: Statewide | E26: Motorcycle | F26: ='Parameter Library'!$E$226 -> 28.747655 | G26: ='Parameter Library'!$E$227 -> 32.160038
A27: Diesel mpg | B27: =INDEX(G25:G33,(B20-1)*3+B21) -> 24.230769 | D27: Statewide | E27: Truck | F27: ='Parameter Library'!$E$228 -> 19.099661 | G27: ='Parameter Library'!$E$229 -> 18.483659
A28: Gas resource cost | B28: ='Parameter Library'!$E$218 -> 3.187 | D28: Urban | E28: Passenger vehicle | F28: ='Parameter Library'!$E$230 -> 26.067149 | G28: ='Parameter Library'!$E$231 -> 22.166667
A29: Diesel resource cost | B29: ='Parameter Library'!$E$219 -> 3.287 | D29: Urban | E29: Motorcycle | F29: ='Parameter Library'!$E$232 -> 30.501595 | G29: ='Parameter Library'!$E$233 -> 31.955685
A30: EV cost per mile | B30: ='Parameter Library'!$E$220 -> 0.473 | D30: Urban | E30: Truck | F30: ='Parameter Library'!$E$234 -> 19.968992 | G30: ='Parameter Library'!$E$235 -> 18.46987
A31: Common non-fuel cost proxy | B31: ='Parameter Library'!$E$221 -> 0.4133 | D31: Rural | E31: Passenger vehicle | F31: ='Parameter Library'!$E$236 -> 22.068178 | G31: ='Parameter Library'!$E$237 -> 26
A32: Non-fuel cost change | B32: =B22*B31 -> 0 | D32: Rural | E32: Motorcycle | F32: ='Parameter Library'!$E$238 -> 31.427729 | G32: ='Parameter Library'!$E$239 -> 32.282614
A33: Annual transit PMT change | B33: ='Scenario Inputs'!$B$12 -> 100000 | D33: Rural | E33: Truck | F33: ='Parameter Library'!$E$240 -> 19.49548 | G33: ='Parameter Library'!$E$241 -> 18.227755
A34: Transit cost / passenger-mile | B34: ='Parameter Library'!$E$242 -> 2.7922992
A37: Annual benefit stream
A38: Calendar year | B38: Analysis year | C38: Operating? | D38: Realization | E38: Growth factor | F38: Annual benefit | G38: Discount factor | H38: PV benefit
A39: =Baseline!A31 -> 2027 | B39: =Baseline!B31 -> 0 | C39: =Baseline!C31 -> 1 | D39: =Baseline!D31 -> 0.8 | E39: =IF(C39=1,(1+Baseline!$B$9)^(A39-Baseline!$B$8),0) -> 1 | F39: =$B$4*D39*E39 -> -223383.94 | G39: =Baseline!F31 -> 1 | H39: =F39*G39 -> -223383.94
A40: =Baseline!A32 -> 2028 | B40: =Baseline!B32 -> 1 | C40: =Baseline!C32 -> 1 | D40: =Baseline!D32 -> 0.9 | E40: =IF(C40=1,(1+Baseline!$B$9)^(A40-Baseline!$B$8),0) -> 1 | F40: =$B$4*D40*E40 -> -251306.93 | G40: =Baseline!F32 -> 0.93457944 | H40: =F40*G40 -> -234866.29
A41: =Baseline!A33 -> 2029 | B41: =Baseline!B33 -> 2 | C41: =Baseline!C33 -> 1 | D41: =Baseline!D33 -> 1 | E41: =IF(C41=1,(1+Baseline!$B$9)^(A41-Baseline!$B$8),0) -> 1 | F41: =$B$4*D41*E41 -> -279229.92 | G41: =Baseline!F33 -> 0.87343873 | H41: =F41*G41 -> -243890.23
A42: =Baseline!A34 -> 2030 | B42: =Baseline!B34 -> 3 | C42: =Baseline!C34 -> 1 | D42: =Baseline!D34 -> 1 | E42: =IF(C42=1,(1+Baseline!$B$9)^(A42-Baseline!$B$8),0) -> 1 | F42: =$B$4*D42*E42 -> -279229.92 | G42: =Baseline!F34 -> 0.81629788 | H42: =F42*G42 -> -227934.79
A43: =Baseline!A35 -> 2031 | B43: =Baseline!B35 -> 4 | C43: =Baseline!C35 -> 1 | D43: =Baseline!D35 -> 1 | E43: =IF(C43=1,(1+Baseline!$B$9)^(A43-Baseline!$B$8),0) -> 1 | F43: =$B$4*D43*E43 -> -279229.92 | G43: =Baseline!F35 -> 0.76289521 | H43: =F43*G43 -> -213023.17
A44: =Baseline!A36 -> 2032 | B44: =Baseline!B36 -> 5 | C44: =Baseline!C36 -> 1 | D44: =Baseline!D36 -> 1 | E44: =IF(C44=1,(1+Baseline!$B$9)^(A44-Baseline!$B$8),0) -> 1 | F44: =$B$4*D44*E44 -> -279229.92 | G44: =Baseline!F36 -> 0.71298618 | H44: =F44*G44 -> -199087.08
A45: =Baseline!A37 -> 2033 | B45: =Baseline!B37 -> 6 | C45: =Baseline!C37 -> 1 | D45: =Baseline!D37 -> 1 | E45: =IF(C45=1,(1+Baseline!$B$9)^(A45-Baseline!$B$8),0) -> 1 | F45: =$B$4*D45*E45 -> -279229.92 | G45: =Baseline!F37 -> 0.66634222 | H45: =F45*G45 -> -186062.69
A46: =Baseline!A38 -> 2034 | B46: =Baseline!B38 -> 7 | C46: =Baseline!C38 -> 1 | D46: =Baseline!D38 -> 1 | E46: =IF(C46=1,(1+Baseline!$B$9)^(A46-Baseline!$B$8),0) -> 1 | F46: =$B$4*D46*E46 -> -279229.92 | G46: =Baseline!F38 -> 0.62274974 | H46: =F46*G46 -> -173890.36
A47: =Baseline!A39 -> 2035 | B47: =Baseline!B39 -> 8 | C47: =Baseline!C39 -> 1 | D47: =Baseline!D39 -> 1 | E47: =IF(C47=1,(1+Baseline!$B$9)^(A47-Baseline!$B$8),0) -> 1 | F47: =$B$4*D47*E47 -> -279229.92 | G47: =Baseline!F39 -> 0.5820091 | H47: =F47*G47 -> -162514.36
A48: =Baseline!A40 -> 2036 | B48: =Baseline!B40 -> 9 | C48: =Baseline!C40 -> 1 | D48: =Baseline!D40 -> 1 | E48: =IF(C48=1,(1+Baseline!$B$9)^(A48-Baseline!$B$8),0) -> 1 | F48: =$B$4*D48*E48 -> -279229.92 | G48: =Baseline!F40 -> 0.54393374 | H48: =F48*G48 -> -151882.58
A49: =Baseline!A41 -> 2037 | B49: =Baseline!B41 -> 9 | C49: =Baseline!C41 -> 1 | D49: =Baseline!D41 -> 1 | E49: =IF(C49=1,(1+Baseline!$B$9)^(A49-Baseline!$B$8),0) -> 1 | F49: =$B$4*D49*E49 -> -279229.92 | G49: =Baseline!F41 -> 0.54393374 | H49: =F49*G49 -> -151882.58
A50: =Baseline!A42 -> 2038 | B50: =Baseline!B42 -> 10 | C50: =Baseline!C42 -> 1 | D50: =Baseline!D42 -> 1 | E50: =IF(C50=1,(1+Baseline!$B$9)^(A50-Baseline!$B$8),0) -> 1 | F50: =$B$4*D50*E50 -> -279229.92 | G50: =Baseline!F42 -> 0.50834929 | H50: =F50*G50 -> -141946.33
... A89: =Baseline!A81 -> 2077 | B89: =Baseline!B81 -> 50 | C89: =Baseline!C81 -> 0 | D89: =Baseline!D81 -> 0 | E89: =IF(C89=1,(1+Baseline!$B$9)^(A89-Baseline!$B$8),0) -> 0 | F89: =$B$4*D89*E89 -> 0 | G89: =Baseline!F81 -> 0 | H89: =F89*G89 -> 0

Sheet Emissions
A1: Emission Reductions
A3: Calculation summary
A4: Steady-state annual benefit | B4: =B27 -> 0
A5: First operating-year benefit | B5: =IFERROR(INDEX($F$35:$F$85,MATCH(Baseline!$B$8,$A$35:$A$85,0)),0) -> 0
A6: Present value - total | B6: =SUM($H$35:$H$85) -> 0
A9: Criteria-pollutant calculation
A10: Pollutant | B10: Emission rate | C10: VMT change | D10: Emission change | E10: Damage cost | F10: Annual benefit
A11: NOx | B11: =INDEX($D$20:$H$22,$B$20,1) -> 1.4321495 | C11: =$B$21 -> 0 | D11: =C11*B11/1000000 -> 0 | E11: =INDEX($D$25:$H$25,1,1) -> 21316.304 | F11: =-D11*E11 -> 0
A12: SOx | B12: =INDEX($D$20:$H$22,$B$20,2) -> 0.0080094066 | C12: =$B$21 -> 0 | D12: =C12*B12/1000000 -> 0 | E12: =INDEX($D$25:$H$25,1,2) -> 57185.084 | F12: =-D12*E12 -> 0
A13: PM2.5 | B13: =INDEX($D$20:$H$22,$B$20,3) -> 0.063318237 | C13: =$B$21 -> 0 | D13: =C13*B13/1000000 -> 0 | E13: =INDEX($D$25:$H$25,1,3) -> 1023080.1 | F13: =-D13*E13 -> 0
A14: CO | B14: =INDEX($D$20:$H$22,$B$20,4) -> 9.9030193 | C14: =$B$21 -> 0 | D14: =C14*B14/1000000 -> 0 | E14: =INDEX($D$25:$H$25,1,4) -> 422.20443 | F14: =-D14*E14 -> 0
A15: VOC | B15: =INDEX($D$20:$H$22,$B$20,5) -> 0.83796739 | C15: =$B$21 -> 0 | D15: =C15*B15/1000000 -> 0 | E15: =INDEX($D$25:$H$25,1,5) -> 2392.4918 | F15: =-D15*E15 -> 0
A18: Internal parameter linkage
A19: Helper | B19: Value | D19: NOx | E19: SOx | F19: PM2.5 | G19: CO | H19: VOC
A20: Geography index | B20: =MATCH('Scenario Inputs'!$B$7,{"Statewide","Urban","Rural"},0) -> 1 | D20: ='Parameter Library'!$E$252 -> 1.4321495 | E20: ='Parameter Library'!$E$253 -> 0.0080094066 | F20: ='Parameter Library'!$E$254 -> 0.063318237 | G20: ='Parameter Library'!$E$255 -> 9.9030193 | H20: ='Parameter Library'!$E$256 -> 0.83796739
A21: Annual VMT change | B21: ='Scenario Inputs'!$B$11 -> 0 | D21: ='Parameter Library'!$E$257 -> 2.4233352 | E21: ='Parameter Library'!$E$258 -> 0.013552689 | F21: ='Parameter Library'!$E$259 -> 0.10714057 | G21: ='Parameter Library'!$E$260 -> 16.756865 | H21: ='Parameter Library'!$E$261 -> 1.4179218
A22: Criteria annual benefit | B22: =SUM(F11:F15) -> 0 | D22: ='Parameter Library'!$E$262 -> 3.5007795 | E22: ='Parameter Library'!$E$263 -> 0.01957838 | F22: ='Parameter Library'!$E$264 -> 0.15477657 | G22: ='Parameter Library'!$E$265 -> 24.207171 | H22: ='Parameter Library'!$E$266 -> 2.048347
A23: CO2e rate used | B23: ='Parameter Library'!$E$267 -> 307.98
A24: Steady-state CO2e change | B24: =IF('Scenario Inputs'!$B$33="Yes",B21*B23/1000000,0) -> 0 | D24: NOx cost | E24: SOx cost | F24: PM2.5 cost | G24: CO cost | H24: VOC cost
A25: SCC case index | B25: =MATCH('Scenario Inputs'!$B$34,{"2.5% case","Reference 2.0%","1.5% case"},0) -> 2 | D25: ='Parameter Library'!$E$269 -> 21316.304 | E25: ='Parameter Library'!$E$270 -> 57185.084 | F25: ='Parameter Library'!$E$271 -> 1023080.1 | G25: ='Parameter Library'!$E$272 -> 422.20443 | H25: ='Parameter Library'!$E$273 -> 2392.4918
A26: Opening-year SCC | B26: =IFERROR(INDEX('Parameter Library'!$O$247:$Q$293,MATCH(Baseline!$B$8,'Parameter Library'!$N$247:$N$293,0),B25),0) -> 261
A27: Opening-year steady-state total benefit | B27: =B22-B24*B26 -> 0
A28: SCC schedule end year | B28: =MAX('Parameter Library'!$N$247:$N$293) -> 2070
A29: CO2e rate basis | B29: Passenger car default
A33: Annual benefit stream
A34: Calendar year | B34: Analysis year | C34: Operating? | D34: Realization | E34: Growth factor | F34: Annual benefit | G34: Discount factor | H34: PV benefit | I34: Criteria component | J34: CO2e change | K34: SCC | L34: CO2e component
A35: =Baseline!A31 -> 2027 | B35: =Baseline!B31 -> 0 | C35: =Baseline!C31 -> 1 | D35: =Baseline!D31 -> 0.8 | E35: =IF(C35=1,(1+Baseline!$B$9)^(A35-Baseline!$B$8),0) -> 1 | F35: =I35+L35 -> 0 | G35: =Baseline!F31 -> 1 | H35: =F35*G35 -> 0 | I35: =$B$22*D35*E35 -> 0 | J35: =$B$24*D35*E35 -> 0 | K35: =IF(C35=0,0,IFERROR(INDEX('Parameter Library'!$O$247:$Q$293,MATCH(A35,'Parameter Library'!$N$247:$N$293,0),$B$25),0)) -> 261 | L35: =-J35*K35 -> 0
A36: =Baseline!A32 -> 2028 | B36: =Baseline!B32 -> 1 | C36: =Baseline!C32 -> 1 | D36: =Baseline!D32 -> 0.9 | E36: =IF(C36=1,(1+Baseline!$B$9)^(A36-Baseline!$B$8),0) -> 1 | F36: =I36+L36 -> 0 | G36: =Baseline!F32 -> 0.93457944 | H36: =F36*G36 -> 0 | I36: =$B$22*D36*E36 -> 0 | J36: =$B$24*D36*E36 -> 0 | K36: =IF(C36=0,0,IFERROR(INDEX('Parameter Library'!$O$247:$Q$293,MATCH(A36,'Parameter Library'!$N$247:$N$293,0),$B$25),0)) -> 265 | L36: =-J36*K36 -> 0
A37: =Baseline!A33 -> 2029 | B37: =Baseline!B33 -> 2 | C37: =Baseline!C33 -> 1 | D37: =Baseline!D33 -> 1 | E37: =IF(C37=1,(1+Baseline!$B$9)^(A37-Baseline!$B$8),0) -> 1 | F37: =I37+L37 -> 0 | G37: =Baseline!F33 -> 0.87343873 | H37: =F37*G37 -> 0 | I37: =$B$22*D37*E37 -> 0 | J37: =$B$24*D37*E37 -> 0 | K37: =IF(C37=0,0,IFERROR(INDEX('Parameter Library'!$O$247:$Q$293,MATCH(A37,'Parameter Library'!$N$247:$N$293,0),$B$25),0)) -> 269 | L37: =-J37*K37 -> 0
A38: =Baseline!A34 -> 2030 | B38: =Baseline!B34 -> 3 | C38: =Baseline!C34 -> 1 | D38: =Baseline!D34 -> 1 | E38: =IF(C38=1,(1+Baseline!$B$9)^(A38-Baseline!$B$8),0) -> 1 | F38: =I38+L38 -> 0 | G38: =Baseline!F34 -> 0.81629788 | H38: =F38*G38 -> 0 | I38: =$B$22*D38*E38 -> 0 | J38: =$B$24*D38*E38 -> 0 | K38: =IF(C38=0,0,IFERROR(INDEX('Parameter Library'!$O$247:$Q$293,MATCH(A38,'Parameter Library'!$N$247:$N$293,0),$B$25),0)) -> 274 | L38: =-J38*K38 -> 0
A39: =Baseline!A35 -> 2031 | B39: =Baseline!B35 -> 4 | C39: =Baseline!C35 -> 1 | D39: =Baseline!D35 -> 1 | E39: =IF(C39=1,(1+Baseline!$B$9)^(A39-Baseline!$B$8),0) -> 1 | F39: =I39+L39 -> 0 | G39: =Baseline!F35 -> 0.76289521 | H39: =F39*G39 -> 0 | I39: =$B$22*D39*E39 -> 0 | J39: =$B$24*D39*E39 -> 0 | K39: =IF(C39=0,0,IFERROR(INDEX('Parameter Library'!$O$247:$Q$293,MATCH(A39,'Parameter Library'!$N$247:$N$293,0),$B$25),0)) -> 279 | L39: =-J39*K39 -> 0
A40: =Baseline!A36 -> 2032 | B40: =Baseline!B36 -> 5 | C40: =Baseline!C36 -> 1 | D40: =Baseline!D36 -> 1 | E40: =IF(C40=1,(1+Baseline!$B$9)^(A40-Baseline!$B$8),0) -> 1 | F40: =I40+L40 -> 0 | G40: =Baseline!F36 -> 0.71298618 | H40: =F40*G40 -> 0 | I40: =$B$22*D40*E40 -> 0 | J40: =$B$24*D40*E40 -> 0 | K40: =IF(C40=0,0,IFERROR(INDEX('Parameter Library'!$O$247:$Q$293,MATCH(A40,'Parameter Library'!$N$247:$N$293,0),$B$25),0)) -> 282 | L40: =-J40*K40 -> 0
A41: =Baseline!A37 -> 2033 | B41: =Baseline!B37 -> 6 | C41: =Baseline!C37 -> 1 | D41: =Baseline!D37 -> 1 | E41: =IF(C41=1,(1+Baseline!$B$9)^(A41-Baseline!$B$8),0) -> 1 | F41: =I41+L41 -> 0 | G41: =Baseline!F37 -> 0.66634222 | H41: =F41*G41 -> 0 | I41: =$B$22*D41*E41 -> 0 | J41: =$B$24*D41*E41 -> 0 | K41: =IF(C41=0,0,IFERROR(INDEX('Parameter Library'!$O$247:$Q$293,MATCH(A41,'Parameter Library'!$N$247:$N$293,0),$B$25),0)) -> 287 | L41: =-J41*K41 -> 0
A42: =Baseline!A38 -> 2034 | B42: =Baseline!B38 -> 7 | C42: =Baseline!C38 -> 1 | D42: =Baseline!D38 -> 1 | E42: =IF(C42=1,(1+Baseline!$B$9)^(A42-Baseline!$B$8),0) -> 1 | F42: =I42+L42 -> 0 | G42: =Baseline!F38 -> 0.62274974 | H42: =F42*G42 -> 0 | I42: =$B$22*D42*E42 -> 0 | J42: =$B$24*D42*E42 -> 0 | K42: =IF(C42=0,0,IFERROR(INDEX('Parameter Library'!$O$247:$Q$293,MATCH(A42,'Parameter Library'!$N$247:$N$293,0),$B$25),0)) -> 292 | L42: =-J42*K42 -> 0
A43: =Baseline!A39 -> 2035 | B43: =Baseline!B39 -> 8 | C43: =Baseline!C39 -> 1 | D43: =Baseline!D39 -> 1 | E43: =IF(C43=1,(1+Baseline!$B$9)^(A43-Baseline!$B$8),0) -> 1 | F43: =I43+L43 -> 0 | G43: =Baseline!F39 -> 0.5820091 | H43: =F43*G43 -> 0 | I43: =$B$22*D43*E43 -> 0 | J43: =$B$24*D43*E43 -> 0 | K43: =IF(C43=0,0,IFERROR(INDEX('Parameter Library'!$O$247:$Q$293,MATCH(A43,'Parameter Library'!$N$247:$N$293,0),$B$25),0)) -> 295 | L43: =-J43*K43 -> 0
A44: =Baseline!A40 -> 2036 | B44: =Baseline!B40 -> 9 | C44: =Baseline!C40 -> 1 | D44: =Baseline!D40 -> 1 | E44: =IF(C44=1,(1+Baseline!$B$9)^(A44-Baseline!$B$8),0) -> 1 | F44: =I44+L44 -> 0 | G44: =Baseline!F40 -> 0.54393374 | H44: =F44*G44 -> 0 | I44: =$B$22*D44*E44 -> 0 | J44: =$B$24*D44*E44 -> 0 | K44: =IF(C44=0,0,IFERROR(INDEX('Parameter Library'!$O$247:$Q$293,MATCH(A44,'Parameter Library'!$N$247:$N$293,0),$B$25),0)) -> 300 | L44: =-J44*K44 -> 0
A45: =Baseline!A41 -> 2037 | B45: =Baseline!B41 -> 9 | C45: =Baseline!C41 -> 1 | D45: =Baseline!D41 -> 1 | E45: =IF(C45=1,(1+Baseline!$B$9)^(A45-Baseline!$B$8),0) -> 1 | F45: =I45+L45 -> 0 | G45: =Baseline!F41 -> 0.54393374 | H45: =F45*G45 -> 0 | I45: =$B$22*D45*E45 -> 0 | J45: =$B$24*D45*E45 -> 0 | K45: =IF(C45=0,0,IFERROR(INDEX('Parameter Library'!$O$247:$Q$293,MATCH(A45,'Parameter Library'!$N$247:$N$293,0),$B$25),0)) -> 305 | L45: =-J45*K45 -> 0
A46: =Baseline!A42 -> 2038 | B46: =Baseline!B42 -> 10 | C46: =Baseline!C42 -> 1 | D46: =Baseline!D42 -> 1 | E46: =IF(C46=1,(1+Baseline!$B$9)^(A46-Baseline!$B$8),0) -> 1 | F46: =I46+L46 -> 0 | G46: =Baseline!F42 -> 0.50834929 | H46: =F46*G46 -> 0 | I46: =$B$22*D46*E46 -> 0 | J46: =$B$24*D46*E46 -> 0 | K46: =IF(C46=0,0,IFERROR(INDEX('Parameter Library'!$O$247:$Q$293,MATCH(A46,'Parameter Library'!$N$247:$N$293,0),$B$25),0)) -> 308 | L46: =-J46*K46 -> 0
... A85: =Baseline!A81 -> 2077 | B85: =Baseline!B81 -> 50 | C85: =Baseline!C81 -> 0 | D85: =Baseline!D81 -> 0 | E85: =IF(C85=1,(1+Baseline!$B$9)^(A85-Baseline!$B$8),0) -> 0 | F85: =I85+L85 -> 0 | G85: =Baseline!F81 -> 0 | H85: =F85*G85 -> 0 | I85: =$B$22*D85*E85 -> 0 | J85: =$B$24*D85*E85 -> 0 | K85: =IF(C85=0,0,IFERROR(INDEX('Parameter Library'!$O$247:$Q$293,MATCH(A85,'Parameter Library'!$N$247:$N$293,0),$B$25),0)) -> 0 | L85: =-J85*K85 -> 0

Sheet Health
A1: Health
A3: Calculation summary
A4: Steady-state annual benefit | B4: =SUM(J11:J12) -> 0
A5: First operating-year benefit | B5: =IFERROR(INDEX($F$39:$F$89,MATCH(Baseline!$B$8,$A$39:$A$89,0)),0) -> 0
A6: Present value - total | B6: =SUM($H$39:$H$89) -> 0
A9: Mode-level health calculation
A10: Mode | B10: Annual mileage change | C10: ATL | D10: Annual active trips | E10: Eligible induced trips | F10: Mortality benefit | G10: Commute trips | H10: Employed active users | I10: Absenteeism benefit | J10: Total annual benefit
A11: Walking | B11: ='Scenario Inputs'!$B$13 -> 0 | C11: =$B$22 -> 0.69900354 | D11: =B11/C11 -> 0 | E11: =D11*B24*$B$26 -> 0 | F11: =E11*B27 -> 0 | G11: =D11*B29 -> 0 | H11: =G11/B31 -> 0 | I11: =H11*$B$21*$B$33 -> 0 | J11: =F11+I11 -> 0
A12: Cycling | B12: ='Scenario Inputs'!$B$14 -> 0 | C12: =$B$23 -> 2.5293018 | D12: =B12/C12 -> 0 | E12: =D12*B25*$B$26 -> 0 | F12: =E12*B28 -> 0 | G12: =D12*B30 -> 0 | H12: =G12/B32 -> 0 | I12: =H12*$B$21*$B$33 -> 0 | J12: =F12+I12 -> 0
A17: Internal parameter linkage
A18: Helper | B18: Value | D18: Median hourly wage
A19: Geography index | B19: =MATCH('Scenario Inputs'!$B$7,{"Statewide","Urban","Rural"},0) -> 1 | D19: ='Parameter Library'!$E$32 -> 25.67
A20: Selected median hourly wage | B20: =INDEX(D19:D21,B19) -> 25.67 | D20: ='Parameter Library'!$E$33 -> 27.658509
A21: Daily wage | B21: =B20*B34 -> 205.36 | D21: ='Parameter Library'!$E$34 -> 22.967306
A22: Walk ATL | B22: ='Parameter Library'!$E$76 -> 0.69900354
A23: Bike ATL | B23: ='Parameter Library'!$E$77 -> 2.5293018
A24: Walk eligible age share | B24: ='Parameter Library'!$E$20 -> 0.7
A25: Bike eligible age share | B25: ='Parameter Library'!$E$21 -> 0.585
A26: Shifted-from-non-active share | B26: ='Parameter Library'!$E$278 -> 0.89
A27: Walk mortality value | B27: ='Parameter Library'!$E$282 -> 8.24
A28: Bike mortality value | B28: ='Parameter Library'!$E$283 -> 7.34
A29: Walk commute-trip share | B29: ='Parameter Library'!$E$81 -> 0.037752949
A30: Bike commute-trip share | B30: ='Parameter Library'!$E$82 -> 0.13263154
A31: Walk annual commute trips/worker | B31: ='Parameter Library'!$E$83 -> 382.48201
A32: Bike annual commute trips/worker | B32: ='Parameter Library'!$E$84 -> 400.86837
A33: Reduced sick days | B33: ='Parameter Library'!$E$284 -> 0.1386
A34: Work hours per day | B34: ='Parameter Library'!$E$24 -> 8
A37: Annual benefit stream
A38: Calendar year | B38: Analysis year | C38: Operating? | D38: Realization | E38: Growth factor | F38: Annual benefit | G38: Discount factor | H38: PV benefit
A39: =Baseline!A31 -> 2027 | B39: =Baseline!B31 -> 0 | C39: =Baseline!C31 -> 1 | D39: =Baseline!D31 -> 0.8 | E39: =IF(C39=1,(1+Baseline!$B$9)^(A39-Baseline!$B$8),0) -> 1 | F39: =$B$4*D39*E39 -> 0 | G39: =Baseline!F31 -> 1 | H39: =F39*G39 -> 0
A40: =Baseline!A32 -> 2028 | B40: =Baseline!B32 -> 1 | C40: =Baseline!C32 -> 1 | D40: =Baseline!D32 -> 0.9 | E40: =IF(C40=1,(1+Baseline!$B$9)^(A40-Baseline!$B$8),0) -> 1 | F40: =$B$4*D40*E40 -> 0 | G40: =Baseline!F32 -> 0.93457944 | H40: =F40*G40 -> 0
A41: =Baseline!A33 -> 2029 | B41: =Baseline!B33 -> 2 | C41: =Baseline!C33 -> 1 | D41: =Baseline!D33 -> 1 | E41: =IF(C41=1,(1+Baseline!$B$9)^(A41-Baseline!$B$8),0) -> 1 | F41: =$B$4*D41*E41 -> 0 | G41: =Baseline!F33 -> 0.87343873 | H41: =F41*G41 -> 0
A42: =Baseline!A34 -> 2030 | B42: =Baseline!B34 -> 3 | C42: =Baseline!C34 -> 1 | D42: =Baseline!D34 -> 1 | E42: =IF(C42=1,(1+Baseline!$B$9)^(A42-Baseline!$B$8),0) -> 1 | F42: =$B$4*D42*E42 -> 0 | G42: =Baseline!F34 -> 0.81629788 | H42: =F42*G42 -> 0
A43: =Baseline!A35 -> 2031 | B43: =Baseline!B35 -> 4 | C43: =Baseline!C35 -> 1 | D43: =Baseline!D35 -> 1 | E43: =IF(C43=1,(1+Baseline!$B$9)^(A43-Baseline!$B$8),0) -> 1 | F43: =$B$4*D43*E43 -> 0 | G43: =Baseline!F35 -> 0.76289521 | H43: =F43*G43 -> 0
A44: =Baseline!A36 -> 2032 | B44: =Baseline!B36 -> 5 | C44: =Baseline!C36 -> 1 | D44: =Baseline!D36 -> 1 | E44: =IF(C44=1,(1+Baseline!$B$9)^(A44-Baseline!$B$8),0) -> 1 | F44: =$B$4*D44*E44 -> 0 | G44: =Baseline!F36 -> 0.71298618 | H44: =F44*G44 -> 0
A45: =Baseline!A37 -> 2033 | B45: =Baseline!B37 -> 6 | C45: =Baseline!C37 -> 1 | D45: =Baseline!D37 -> 1 | E45: =IF(C45=1,(1+Baseline!$B$9)^(A45-Baseline!$B$8),0) -> 1 | F45: =$B$4*D45*E45 -> 0 | G45: =Baseline!F37 -> 0.66634222 | H45: =F45*G45 -> 0
A46: =Baseline!A38 -> 2034 | B46: =Baseline!B38 -> 7 | C46: =Baseline!C38 -> 1 | D46: =Baseline!D38 -> 1 | E46: =IF(C46=1,(1+Baseline!$B$9)^(A46-Baseline!$B$8),0) -> 1 | F46: =$B$4*D46*E46 -> 0 | G46: =Baseline!F38 -> 0.62274974 | H46: =F46*G46 -> 0
A47: =Baseline!A39 -> 2035 | B47: =Baseline!B39 -> 8 | C47: =Baseline!C39 -> 1 | D47: =Baseline!D39 -> 1 | E47: =IF(C47=1,(1+Baseline!$B$9)^(A47-Baseline!$B$8),0) -> 1 | F47: =$B$4*D47*E47 -> 0 | G47: =Baseline!F39 -> 0.5820091 | H47: =F47*G47 -> 0
A48: =Baseline!A40 -> 2036 | B48: =Baseline!B40 -> 9 | C48: =Baseline!C40 -> 1 | D48: =Baseline!D40 -> 1 | E48: =IF(C48=1,(1+Baseline!$B$9)^(A48-Baseline!$B$8),0) -> 1 | F48: =$B$4*D48*E48 -> 0 | G48: =Baseline!F40 -> 0.54393374 | H48: =F48*G48 -> 0
A49: =Baseline!A41 -> 2037 | B49: =Baseline!B41 -> 9 | C49: =Baseline!C41 -> 1 | D49: =Baseline!D41 -> 1 | E49: =IF(C49=1,(1+Baseline!$B$9)^(A49-Baseline!$B$8),0) -> 1 | F49: =$B$4*D49*E49 -> 0 | G49: =Baseline!F41 -> 0.54393374 | H49: =F49*G49 -> 0
A50: =Baseline!A42 -> 2038 | B50: =Baseline!B42 -> 10 | C50: =Baseline!C42 -> 1 | D50: =Baseline!D42 -> 1 | E50: =IF(C50=1,(1+Baseline!$B$9)^(A50-Baseline!$B$8),0) -> 1 | F50: =$B$4*D50*E50 -> 0 | G50: =Baseline!F42 -> 0.50834929 | H50: =F50*G50 -> 0
... A89: =Baseline!A81 -> 2077 | B89: =Baseline!B81 -> 50 | C89: =Baseline!C81 -> 0 | D89: =Baseline!D81 -> 0 | E89: =IF(C89=1,(1+Baseline!$B$9)^(A89-Baseline!$B$8),0) -> 0 | F89: =$B$4*D89*E89 -> 0 | G89: =Baseline!F81 -> 0 | H89: =F89*G89 -> 0

Sheet Noise
A1: Noise
A3: Calculation summary
A4: Steady-state annual benefit | B4: =$B$13 -> 0
A5: First operating-year benefit | B5: =IFERROR(INDEX($F$29:$F$79,MATCH(Baseline!$B$8,$A$29:$A$79,0)),0) -> 0
A6: Present value - total | B6: =SUM($H$29:$H$79) -> 0
A9: Noise calculation
A10: Parameter | B10: Value
A11: Automobile annual mileage change | B11: ='Scenario Inputs'!$B$11 -> 0
A12: Marginal automobile noise cost | B12: =$B$21 -> 0.13227806
A13: Annual noise benefit | B13: =-B11*B12/100 -> 0
A17: Internal parameter linkage
A18: Helper | B18: Value | D18: Noise rate (automobile) | E18: Noise rate (Pickups and Vans)
A19: Geography index | B19: =MATCH('Scenario Inputs'!$B$7,{"Statewide","Urban","Rural"},0) -> 1 | D19: ='Parameter Library'!$E$293 -> 0.13227806 | E19: ='Parameter Library'!$E$294 -> 0.12045932
A20: Noise vehicle class index | B20: =MATCH('Scenario Inputs'!$F$30,{"Automobile","Pickups and Vans"},0) -> 1 | D20: ='Parameter Library'!$E$298 -> 0.21 | E20: ='Parameter Library'!$E$299 -> 0.19
A21: Selected noise rate | B21: =INDEX(D19:E21,B19,1) -> 0.13227806 | D21: ='Parameter Library'!$E$303 -> 0.02 | E21: ='Parameter Library'!$E$304 -> 0.02
A27: Annual benefit stream
A28: Calendar year | B28: Analysis year | C28: Operating? | D28: Realization | E28: Growth factor | F28: Annual benefit | G28: Discount factor | H28: PV benefit
A29: =Baseline!A31 -> 2027 | B29: =Baseline!B31 -> 0 | C29: =Baseline!C31 -> 1 | D29: =Baseline!D31 -> 0.8 | E29: =IF(C29=1,(1+Baseline!$B$9)^(A29-Baseline!$B$8),0) -> 1 | F29: =$B$4*D29*E29 -> 0 | G29: =Baseline!F31 -> 1 | H29: =F29*G29 -> 0
A30: =Baseline!A32 -> 2028 | B30: =Baseline!B32 -> 1 | C30: =Baseline!C32 -> 1 | D30: =Baseline!D32 -> 0.9 | E30: =IF(C30=1,(1+Baseline!$B$9)^(A30-Baseline!$B$8),0) -> 1 | F30: =$B$4*D30*E30 -> 0 | G30: =Baseline!F32 -> 0.93457944 | H30: =F30*G30 -> 0
A31: =Baseline!A33 -> 2029 | B31: =Baseline!B33 -> 2 | C31: =Baseline!C33 -> 1 | D31: =Baseline!D33 -> 1 | E31: =IF(C31=1,(1+Baseline!$B$9)^(A31-Baseline!$B$8),0) -> 1 | F31: =$B$4*D31*E31 -> 0 | G31: =Baseline!F33 -> 0.87343873 | H31: =F31*G31 -> 0
A32: =Baseline!A34 -> 2030 | B32: =Baseline!B34 -> 3 | C32: =Baseline!C34 -> 1 | D32: =Baseline!D34 -> 1 | E32: =IF(C32=1,(1+Baseline!$B$9)^(A32-Baseline!$B$8),0) -> 1 | F32: =$B$4*D32*E32 -> 0 | G32: =Baseline!F34 -> 0.81629788 | H32: =F32*G32 -> 0
A33: =Baseline!A35 -> 2031 | B33: =Baseline!B35 -> 4 | C33: =Baseline!C35 -> 1 | D33: =Baseline!D35 -> 1 | E33: =IF(C33=1,(1+Baseline!$B$9)^(A33-Baseline!$B$8),0) -> 1 | F33: =$B$4*D33*E33 -> 0 | G33: =Baseline!F35 -> 0.76289521 | H33: =F33*G33 -> 0
A34: =Baseline!A36 -> 2032 | B34: =Baseline!B36 -> 5 | C34: =Baseline!C36 -> 1 | D34: =Baseline!D36 -> 1 | E34: =IF(C34=1,(1+Baseline!$B$9)^(A34-Baseline!$B$8),0) -> 1 | F34: =$B$4*D34*E34 -> 0 | G34: =Baseline!F36 -> 0.71298618 | H34: =F34*G34 -> 0
A35: =Baseline!A37 -> 2033 | B35: =Baseline!B37 -> 6 | C35: =Baseline!C37 -> 1 | D35: =Baseline!D37 -> 1 | E35: =IF(C35=1,(1+Baseline!$B$9)^(A35-Baseline!$B$8),0) -> 1 | F35: =$B$4*D35*E35 -> 0 | G35: =Baseline!F37 -> 0.66634222 | H35: =F35*G35 -> 0
A36: =Baseline!A38 -> 2034 | B36: =Baseline!B38 -> 7 | C36: =Baseline!C38 -> 1 | D36: =Baseline!D38 -> 1 | E36: =IF(C36=1,(1+Baseline!$B$9)^(A36-Baseline!$B$8),0) -> 1 | F36: =$B$4*D36*E36 -> 0 | G36: =Baseline!F38 -> 0.62274974 | H36: =F36*G36 -> 0
A37: =Baseline!A39 -> 2035 | B37: =Baseline!B39 -> 8 | C37: =Baseline!C39 -> 1 | D37: =Baseline!D39 -> 1 | E37: =IF(C37=1,(1+Baseline!$B$9)^(A37-Baseline!$B$8),0) -> 1 | F37: =$B$4*D37*E37 -> 0 | G37: =Baseline!F39 -> 0.5820091 | H37: =F37*G37 -> 0
A38: =Baseline!A40 -> 2036 | B38: =Baseline!B40 -> 9 | C38: =Baseline!C40 -> 1 | D38: =Baseline!D40 -> 1 | E38: =IF(C38=1,(1+Baseline!$B$9)^(A38-Baseline!$B$8),0) -> 1 | F38: =$B$4*D38*E38 -> 0 | G38: =Baseline!F40 -> 0.54393374 | H38: =F38*G38 -> 0
A39: =Baseline!A41 -> 2037 | B39: =Baseline!B41 -> 9 | C39: =Baseline!C41 -> 1 | D39: =Baseline!D41 -> 1 | E39: =IF(C39=1,(1+Baseline!$B$9)^(A39-Baseline!$B$8),0) -> 1 | F39: =$B$4*D39*E39 -> 0 | G39: =Baseline!F41 -> 0.54393374 | H39: =F39*G39 -> 0
A40: =Baseline!A42 -> 2038 | B40: =Baseline!B42 -> 10 | C40: =Baseline!C42 -> 1 | D40: =Baseline!D42 -> 1 | E40: =IF(C40=1,(1+Baseline!$B$9)^(A40-Baseline!$B$8),0) -> 1 | F40: =$B$4*D40*E40 -> 0 | G40: =Baseline!F42 -> 0.50834929 | H40: =F40*G40 -> 0
... A79: =Baseline!A81 -> 2077 | B79: =Baseline!B81 -> 50 | C79: =Baseline!C81 -> 0 | D79: =Baseline!D81 -> 0 | E79: =IF(C79=1,(1+Baseline!$B$9)^(A79-Baseline!$B$8),0) -> 0 | F79: =$B$4*D79*E79 -> 0 | G79: =Baseline!F81 -> 0 | H79: =F79*G79 -> 0

Sheet Equity Welfare
A1: Equity
A3: Calculation summary
A4: Income basis | B4: ='Scenario Inputs'!$D$37 -> Calculator default | C4: Distribution method | D4: ='Scenario Inputs'!$D$38 -> Equal | E4: Geography | F4: ='Scenario Inputs'!$B$7 -> Statewide
A5: Primary elasticity | B5: ='Scenario Inputs'!$B$37 -> 1.4 | C5: Lower elasticity | D5: ='Scenario Inputs'!$B$38 -> 1 | E5: Higher elasticity | F5: ='Scenario Inputs'!$B$39 -> 1.8
A7: Unweighted PV benefits | B7: ='Travel Time Savings'!$B$6+Safety!$B$6+VOC!$B$6+Emissions!$B$6+Health!$B$6+Noise!$B$6 -> -5836597.9 | C7: Unweighted NPV | D7: =B7-B8 -> -5836597.9
A8: PV net cost | B8: ='Scenario Inputs'!$B$18 -> 0 | C8: Primary weighted NPV | D8: =B9-B8 -> -12617784
A9: Primary weighted PV benefits | B9: =SUM(E28:E32) -> -12617784 | C9: Primary weighted BCR | D9: =IF(B8=0,"",B9/B8)
A12: Income reference and welfare weights
A13: Income group | B13: Average income used | C13: Reference income | D13: Primary weight | E13: Lower weight | F13: Higher weight
A14: Lowest Quintile (0-20%) | B14: ='Scenario Inputs'!$B$43 -> 18076 | C14: =IF(COUNTIF($B$14:$B$18,">0")=5,AVERAGE($B$14:$B$18),"") -> 72737.8 | D14: =IF(OR(B14="",C14=""),"",IF('Scenario Inputs'!$B$8="Yes",(C14/B14)^'Scenario Inputs'!$B$37,1)) -> 7.0229724 | E14: =IF(OR(B14="",C14=""),"",IF('Scenario Inputs'!$B$8="Yes",(C14/B14)^'Scenario Inputs'!$B$38,1)) -> 4.0239987 | F14: =IF(OR(B14="",C14=""),"",IF('Scenario Inputs'!$B$8="Yes",(C14/B14)^'Scenario Inputs'!$B$39,1)) -> 12.256997
A15: Second Quintile (20%-40%) | B15: ='Scenario Inputs'!$B$44 -> 50078 | C15: =IF(COUNTIF($B$14:$B$18,">0")=5,AVERAGE($B$14:$B$18),"") -> 72737.8 | D15: =IF(OR(B15="",C15=""),"",IF('Scenario Inputs'!$B$8="Yes",(C15/B15)^'Scenario Inputs'!$B$37,1)) -> 1.6863917 | E15: =IF(OR(B15="",C15=""),"",IF('Scenario Inputs'!$B$8="Yes",(C15/B15)^'Scenario Inputs'!$B$38,1)) -> 1.4524901 | F15: =IF(OR(B15="",C15=""),"",IF('Scenario Inputs'!$B$8="Yes",(C15/B15)^'Scenario Inputs'!$B$39,1)) -> 1.9579596
A16: Third Quintile (40%-60%) | B16: ='Scenario Inputs'!$B$45 -> 83471 | C16: =IF(COUNTIF($B$14:$B$18,">0")=5,AVERAGE($B$14:$B$18),"") -> 72737.8 | D16: =IF(OR(B16="",C16=""),"",IF('Scenario Inputs'!$B$8="Yes",(C16/B16)^'Scenario Inputs'!$B$37,1)) -> 0.82473488 | E16: =IF(OR(B16="",C16=""),"",IF('Scenario Inputs'!$B$8="Yes",(C16/B16)^'Scenario Inputs'!$B$38,1)) -> 0.87141402 | F16: =IF(OR(B16="",C16=""),"",IF('Scenario Inputs'!$B$8="Yes",(C16/B16)^'Scenario Inputs'!$B$39,1)) -> 0.78055621
A17: Fourth Quintile (60%-80%) | B17: ='Scenario Inputs'!$B$46 -> 83471 | C17: =IF(COUNTIF($B$14:$B$18,">0")=5,AVERAGE($B$14:$B$18),"") -> 72737.8 | D17: =IF(OR(B17="",C17=""),"",IF('Scenario Inputs'!$B$8="Yes",(C17/B17)^'Scenario Inputs'!$B$37,1)) -> 0.82473488 | E17: =IF(OR(B17="",C17=""),"",IF('Scenario Inputs'!$B$8="Yes",(C17/B17)^'Scenario Inputs'!$B$38,1)) -> 0.87141402 | F17: =IF(OR(B17="",C17=""),"",IF('Scenario Inputs'!$B$8="Yes",(C17/B17)^'Scenario Inputs'!$B$39,1)) -> 0.78055621
A18: Highest Quintile (80%-100%) | B18: ='Scenario Inputs'!$B$47 -> 128593 | C18: =IF(COUNTIF($B$14:$B$18,">0")=5,AVERAGE($B$14:$B$18),"") -> 72737.8 | D18: =IF(OR(B18="",C18=""),"",IF('Scenario Inputs'!$B$8="Yes",(C18/B18)^'Scenario Inputs'!$B$37,1)) -> 0.45036016 | E18: =IF(OR(B18="",C18=""),"",IF('Scenario Inputs'!$B$8="Yes",(C18/B18)^'Scenario Inputs'!$B$38,1)) -> 0.56564354 | F18: =IF(OR(B18="",C18=""),"",IF('Scenario Inputs'!$B$8="Yes",(C18/B18)^'Scenario Inputs'!$B$39,1)) -> 0.3585726
A21: Distribution allocation
A22: Helper | B22: Value
A23: Number of selected quintiles | B23: =COUNTIF('Scenario Inputs'!$D$43:$D$47,TRUE()) -> 2
A24: Distribution method | B24: ='Scenario Inputs'!$D$38 -> Equal
A25: Total PV benefits | B25: =$B$7 -> -5836597.9
A27: Income group | B27: Share of benefits | C27: Unweighted benefit | D27: Primary weight | E27: Weighted benefit
A28: Lowest Quintile | B28: =IF($B$24="Equal",0.2,IF($B$23=0,0,IF('Scenario Inputs'!$D$43=TRUE(),1/$B$23,0))) -> 0.2 | C28: =$B$25*B28 -> -1167319.6 | D28: =D14 -> 7.0229724 | E28: =C28*D28 -> -8198053.2
A29: Second Quintile | B29: =IF($B$24="Equal",0.2,IF($B$23=0,0,IF('Scenario Inputs'!$D$44=TRUE(),1/$B$23,0))) -> 0.2 | C29: =$B$25*B29 -> -1167319.6 | D29: =D15 -> 1.6863917 | E29: =C29*D29 -> -1968558.1
A30: Third Quintile | B30: =IF($B$24="Equal",0.2,IF($B$23=0,0,IF('Scenario Inputs'!$D$45=TRUE(),1/$B$23,0))) -> 0.2 | C30: =$B$25*B30 -> -1167319.6 | D30: =D16 -> 0.82473488 | E30: =C30*D30 -> -962729.17
A31: Fourth Quintile | B31: =IF($B$24="Equal",0.2,IF($B$23=0,0,IF('Scenario Inputs'!$D$46=TRUE(),1/$B$23,0))) -> 0.2 | C31: =$B$25*B31 -> -1167319.6 | D31: =D17 -> 0.82473488 | E31: =C31*D31 -> -962729.17
A32: Highest Quintile | B32: =IF($B$24="Equal",0.2,IF($B$23=0,0,IF('Scenario Inputs'!$D$47=TRUE(),1/$B$23,0))) -> 0.2 | C32: =$B$25*B32 -> -1167319.6 | D32: =D18 -> 0.45036016 | E32: =C32*D32 -> -525714.23
A33: Total | B33: =SUM(B28:B32) -> 1 | C33: =SUM(C28:C32) -> -5836597.9 | E33: =SUM(E28:E32) -> -12617784
A36: Elasticity sensitivity
A37: Scenario | B37: Elasticity | C37: Weighted benefits | D37: PV costs | E37: Weighted NPV | F37: Weighted BCR
A38: No weighting | B38: 0 | C38: =B7 -> -5836597.9 | D38: =$B$8 -> 0 | E38: =C38-D38 -> -5836597.9 | F38: =IF(D38=0,"",C38/D38)
A39: Lower elasticity | B39: ='Scenario Inputs'!$B$38 -> 1 | C39: =SUMPRODUCT(C28:C32,E14:E18) -> -9087536.7 | D39: =$B$8 -> 0 | E39: =C39-D39 -> -9087536.7 | F39: =IF(D39=0,"",C39/D39)
A40: Primary elasticity | B40: ='Scenario Inputs'!$B$37 -> 1.4 | C40: =SUMPRODUCT(C28:C32,D14:D18) -> -12617784 | D40: =$B$8 -> 0 | E40: =C40-D40 -> -12617784 | F40: =IF(D40=0,"",C40/D40)
A41: Higher elasticity | B41: ='Scenario Inputs'!$B$39 -> 1.8 | C41: =SUMPRODUCT(C28:C32,F14:F18) -> -18834283 | D41: =$B$8 -> 0 | E41: =C41-D41 -> -18834283 | F41: =IF(D41=0,"",C41/D41)

Sheet Sensitivity
A1: Sensitivity test
A2: Base discount rate | B2: ='Scenario Inputs'!$B$5 -> 0.07 | C2: Test discount rate | D2: ='Scenario Inputs'!$D$56 -> 0.03
A3: Base analysis period | B3: ='Scenario Inputs'!$B$6 -> 30 | C3: Test analysis period | D3: ='Scenario Inputs'!$D$57 -> 20
A5: Base PV benefits | B5: ='Travel Time Savings'!$B$6+Safety!$B$6+VOC!$B$6+Emissions!$B$6+Health!$B$6+Noise!$B$6 -> -5836597.9 | C5: Base NPV | D5: =B5-B6 -> -5836597.9 | E5: Discount-rate test NPV | F5: =F11 -> -8891564.9 | G5: Analysis-period test NPV | H5: =F12 -> -4972190.6 | I5: Aggregate-benefit test NPV | J5: =F13 -> -4669278.3
A6: Base PV cost | B6: ='Scenario Inputs'!$B$18 -> 0 | C6: Base BCR | D6: =IF(B6=0,"",B5/B6) | E6: Discount-rate test BCR | F6: =G11 | G6: Analysis-period test BCR | H6: =G12 | I6: Aggregate-benefit test BCR | J6: =G13
A9: Individual parameter tests
A10: Parameter | B10: Include? | C10: Test value | D10: PV benefits | E10: PV costs | F10: NPV | G10: BCR | H10: NPV change | I10: BCR change
A11: Real discount rate | B11: ='Scenario Inputs'!$B$56 -> Yes | C11: ='Scenario Inputs'!$D$56 -> 0.03 | D11: =SUM(K18:K68) -> -8891564.9 | E11: =$B$6 -> 0 | F11: =D11-E11 -> -8891564.9 | G11: =IF(E11=0,"",D11/E11) | H11: =IF(B11="Yes",F11-$D$5,"") -> -3054967 | I11: =IF(B11="Yes",IFERROR(G11-$D$6,""))
A12: Analysis period | B12: ='Scenario Inputs'!$B$57 -> Yes | C12: ='Scenario Inputs'!$D$57 -> 20 | D12: =SUM(L18:L68) -> -4972190.6 | E12: =$B$6 -> 0 | F12: =D12-E12 -> -4972190.6 | G12: =IF(E12=0,"",D12/E12) | H12: =IF(B12="Yes",F12-$D$5,"") -> 864407.3 | I12: =IF(B12="Yes",IFERROR(G12-$D$6,""))
A13: Aggregate benefits | B13: ='Scenario Inputs'!$B$58 -> Yes | C13: ='Scenario Inputs'!$D$58 -> 0.8 | D13: =B5*C13 -> -4669278.3 | E13: =$B$6 -> 0 | F13: =D13-E13 -> -4669278.3 | G13: =IF(E13=0,"",D13/E13) | H13: =IF(B13="Yes",F13-$D$5,"") -> 1167319.6 | I13: =IF(B13="Yes",IFERROR(G13-$D$6,""))
A16: Internal annual benefit linkage
A17: Calendar year | B17: Analysis year | C17: TTS | D17: Safety | E17: VOC | F17: Emissions | G17: Health | H17: Noise | I17: Total annual benefit | J17: Base PV | K17: Discount-test PV | L17: Period-test PV
A18: =Baseline!A31 -> 2027 | B18: =Baseline!B31 -> 0 | C18: ='Travel Time Savings'!F38 -> -132691.12 | D18: =Safety!F35 -> 0 | E18: =VOC!F39 -> -223383.94 | F18: =Emissions!F35 -> 0 | G18: =Health!F39 -> 0 | H18: =Noise!F29 -> 0 | I18: =SUM(C18:H18) -> -356075.06 | J18: =I18*Baseline!F31 -> -356075.06 | K18: =I18/(1+$C$11)^B18 -> -356075.06 | L18: =IF(B18<$C$12,J18,0) -> -356075.06
A19: =Baseline!A32 -> 2028 | B19: =Baseline!B32 -> 1 | C19: ='Travel Time Savings'!F39 -> -149277.51 | D19: =Safety!F36 -> 0 | E19: =VOC!F40 -> -251306.93 | F19: =Emissions!F36 -> 0 | G19: =Health!F40 -> 0 | H19: =Noise!F30 -> 0 | I19: =SUM(C19:H19) -> -400584.45 | J19: =I19*Baseline!F32 -> -374377.99 | K19: =I19/(1+$C$11)^B19 -> -388916.94 | L19: =IF(B19<$C$12,J19,0) -> -374377.99
A20: =Baseline!A33 -> 2029 | B20: =Baseline!B33 -> 2 | C20: ='Travel Time Savings'!F40 -> -165863.91 | D20: =Safety!F37 -> 0 | E20: =VOC!F41 -> -279229.92 | F20: =Emissions!F37 -> 0 | G20: =Health!F41 -> 0 | H20: =Noise!F31 -> 0 | I20: =SUM(C20:H20) -> -445093.83 | J20: =I20*Baseline!F33 -> -388762.19 | K20: =I20/(1+$C$11)^B20 -> -419543.62 | L20: =IF(B20<$C$12,J20,0) -> -388762.19
A21: =Baseline!A34 -> 2030 | B21: =Baseline!B34 -> 3 | C21: ='Travel Time Savings'!F41 -> -165863.91 | D21: =Safety!F38 -> 0 | E21: =VOC!F42 -> -279229.92 | F21: =Emissions!F38 -> 0 | G21: =Health!F42 -> 0 | H21: =Noise!F32 -> 0 | I21: =SUM(C21:H21) -> -445093.83 | J21: =I21*Baseline!F34 -> -363329.15 | K21: =I21/(1+$C$11)^B21 -> -407323.9 | L21: =IF(B21<$C$12,J21,0) -> -363329.15
A22: =Baseline!A35 -> 2031 | B22: =Baseline!B35 -> 4 | C22: ='Travel Time Savings'!F42 -> -165863.91 | D22: =Safety!F39 -> 0 | E22: =VOC!F43 -> -279229.92 | F22: =Emissions!F39 -> 0 | G22: =Health!F43 -> 0 | H22: =Noise!F33 -> 0 | I22: =SUM(C22:H22) -> -445093.83 | J22: =I22*Baseline!F35 -> -339559.95 | K22: =I22/(1+$C$11)^B22 -> -395460.1 | L22: =IF(B22<$C$12,J22,0) -> -339559.95
A23: =Baseline!A36 -> 2032 | B23: =Baseline!B36 -> 5 | C23: ='Travel Time Savings'!F43 -> -165863.91 | D23: =Safety!F40 -> 0 | E23: =VOC!F44 -> -279229.92 | F23: =Emissions!F40 -> 0 | G23: =Health!F44 -> 0 | H23: =Noise!F34 -> 0 | I23: =SUM(C23:H23) -> -445093.83 | J23: =I23*Baseline!F36 -> -317345.75 | K23: =I23/(1+$C$11)^B23 -> -383941.85 | L23: =IF(B23<$C$12,J23,0) -> -317345.75
A24: =Baseline!A37 -> 2033 | B24: =Baseline!B37 -> 6 | C24: ='Travel Time Savings'!F44 -> -165863.91 | D24: =Safety!F41 -> 0 | E24: =VOC!F45 -> -279229.92 | F24: =Emissions!F41 -> 0 | G24: =Health!F45 -> 0 | H24: =Noise!F35 -> 0 | I24: =SUM(C24:H24) -> -445093.83 | J24: =I24*Baseline!F37 -> -296584.81 | K24: =I24/(1+$C$11)^B24 -> -372759.07 | L24: =IF(B24<$C$12,J24,0) -> -296584.81
A25: =Baseline!A38 -> 2034 | B25: =Baseline!B38 -> 7 | C25: ='Travel Time Savings'!F45 -> -165863.91 | D25: =Safety!F42 -> 0 | E25: =VOC!F46 -> -279229.92 | F25: =Emissions!F42 -> 0 | G25: =Health!F46 -> 0 | H25: =Noise!F36 -> 0 | I25: =SUM(C25:H25) -> -445093.83 | J25: =I25*Baseline!F38 -> -277182.07 | K25: =I25/(1+$C$11)^B25 -> -361902.01 | L25: =IF(B25<$C$12,J25,0) -> -277182.07
A26: =Baseline!A39 -> 2035 | B26: =Baseline!B39 -> 8 | C26: ='Travel Time Savings'!F46 -> -165863.91 | D26: =Safety!F43 -> 0 | E26: =VOC!F47 -> -279229.92 | F26: =Emissions!F43 -> 0 | G26: =Health!F47 -> 0 | H26: =Noise!F37 -> 0 | I26: =SUM(C26:H26) -> -445093.83 | J26: =I26*Baseline!F39 -> -259048.66 | K26: =I26/(1+$C$11)^B26 -> -351361.18 | L26: =IF(B26<$C$12,J26,0) -> -259048.66
A27: =Baseline!A40 -> 2036 | B27: =Baseline!B40 -> 9 | C27: ='Travel Time Savings'!F47 -> -165863.91 | D27: =Safety!F44 -> 0 | E27: =VOC!F48 -> -279229.92 | F27: =Emissions!F44 -> 0 | G27: =Health!F48 -> 0 | H27: =Noise!F38 -> 0 | I27: =SUM(C27:H27) -> -445093.83 | J27: =I27*Baseline!F40 -> -242101.55 | K27: =I27/(1+$C$11)^B27 -> -341127.36 | L27: =IF(B27<$C$12,J27,0) -> -242101.55
A28: =Baseline!A41 -> 2037 | B28: =Baseline!B41 -> 9 | C28: ='Travel Time Savings'!F48 -> -165863.91 | D28: =Safety!F45 -> 0 | E28: =VOC!F49 -> -279229.92 | F28: =Emissions!F45 -> 0 | G28: =Health!F49 -> 0 | H28: =Noise!F39 -> 0 | I28: =SUM(C28:H28) -> -445093.83 | J28: =I28*Baseline!F41 -> -242101.55 | K28: =I28/(1+$C$11)^B28 -> -341127.36 | L28: =IF(B28<$C$12,J28,0) -> -242101.55
A29: =Baseline!A42 -> 2038 | B29: =Baseline!B42 -> 10 | C29: ='Travel Time Savings'!F49 -> -165863.91 | D29: =Safety!F46 -> 0 | E29: =VOC!F50 -> -279229.92 | F29: =Emissions!F46 -> 0 | G29: =Health!F50 -> 0 | H29: =Noise!F40 -> 0 | I29: =SUM(C29:H29) -> -445093.83 | J29: =I29*Baseline!F42 -> -226263.13 | K29: =I29/(1+$C$11)^B29 -> -331191.61 | L29: =IF(B29<$C$12,J29,0) -> -226263.13
... A68: =Baseline!A81 -> 2077 | B68: =Baseline!B81 -> 50 | C68: ='Travel Time Savings'!F88 -> 0 | D68: =Safety!F85 -> 0 | E68: =VOC!F89 -> 0 | F68: =Emissions!F85 -> 0 | G68: =Health!F89 -> 0 | H68: =Noise!F79 -> 0 | I68: =SUM(C68:H68) -> 0 | J68: =I68*Baseline!F81 -> 0 | K68: =I68/(1+$C$11)^B68 -> 0 | L68: =IF(B68<$C$12,J68,0) -> 0
